Workbook
Name BDI: '[1]ANEXO VIII - BDI'!$F$15
Name BDI.TipoObra: BDI!$A$138:$A$146
Name DESONERACAO: IF(OR(Import.Desoneracao="DESONERADO",Import.Desoneracao="SIM"),"SIM","NÃO")
Name EMPRESAS: OFFSET(#REF!,1,0):OFFSET(#REF!,-1,0)
Name Import.Desoneracao: OFFSET([2]DADOS!$G$18,0,-1)
Name INDICES: OFFSET(#REF!,1,0):OFFSET(#REF!,-1,0)
Name NCOTACOES: 15
Name NEMPRESAS: 15

Sheet BANCO DE DADOS
A1: SINAPI | B1: 97141 | C1: ASSENTAMENTO DE TUBO DE FERRO FUNDIDO PARA REDE DE ÁGUA, DN 80 MM, JUNTA ELÁSTICA, INSTALADO EM LOCAL COM NÍVEL ALTO DE INTERFERÊNCIAS (NÃO INCLUI FORNECIMENTO). AF_11/2017 | D1: M | E1: 8.68
A2: SINAPI | B2: 97142 | C2: ASSENTAMENTO DE TUBO DE FERRO FUNDIDO PARA REDE DE ÁGUA, DN 100 MM, JUNTA ELÁSTICA, INSTALADO EM LOCAL COM NÍVEL ALTO DE INTERFERÊNCIAS (NÃO INCLUI FORNECIMENTO). AF_11/2017 | D2: M | E2: 9.68
A3: SINAPI | B3: 97143 | C3: ASSENTAMENTO DE TUBO DE FERRO FUNDIDO PARA REDE DE ÁGUA, DN 150 MM, JUNTA ELÁSTICA, INSTALADO EM LOCAL COM NÍVEL ALTO DE INTERFERÊNCIAS (NÃO INCLUI FORNECIMENTO). AF_11/2017 | D3: M | E3: 12.17
A4: SINAPI
A5: SINAPI | B5: CODIGO DA COMPOSICAO | C5: DESCRICAO DA COMPOSICAO | D5: UNIDADE | E5: CUSTO TOTAL
A6: SINAPI
A7: SINAPI | B7: 97141 | C7: ASSENTAMENTO DE TUBO DE FERRO FUNDIDO PARA REDE DE ÁGUA, DN 80 MM, JUNTA ELÁSTICA, INSTALADO EM LOCAL COM NÍVEL ALTO DE INTERFERÊNCIAS (NÃO INCLUI FORNECIMENTO). AF_11/2017 | D7: M | E7: 9.1
A8: SINAPI | B8: 97142 | C8: ASSENTAMENTO DE TUBO DE FERRO FUNDIDO PARA REDE DE ÁGUA, DN 100 MM, JUNTA ELÁSTICA, INSTALADO EM LOCAL COM NÍVEL ALTO DE INTERFERÊNCIAS (NÃO INCLUI FORNECIMENTO). AF_11/2017 | D8: M | E8: 10.14
A9: SINAPI | B9: 97143 | C9: ASSENTAMENTO DE TUBO DE FERRO FUNDIDO PARA REDE DE ÁGUA, DN 150 MM, JUNTA ELÁSTICA, INSTALADO EM LOCAL COM NÍVEL ALTO DE INTERFERÊNCIAS (NÃO INCLUI FORNECIMENTO). AF_11/2017 | D9: M | E9: 12.74
A10: SINAPI | B10: 97144 | C10: ASSENTAMENTO DE TUBO DE FERRO FUNDIDO PARA REDE DE ÁGUA, DN 200 MM, JUNTA ELÁSTICA, INSTALADO EM LOCAL COM NÍVEL ALTO DE INTERFERÊNCIAS (NÃO INCLUI FORNECIMENTO). AF_11/2017 | D10: M | E10: 15.34
A11: SINAPI | B11: 97145 | C11: ASSENTAMENTO DE TUBO DE FERRO FUNDIDO PARA REDE DE ÁGUA, DN 250 MM, JUNTA ELÁSTICA, INSTALADO EM LOCAL COM NÍVEL ALTO DE INTERFERÊNCIAS (NÃO INCLUI FORNECIMENTO). AF_11/2017 | D11: M | E11: 17.97
A12: SINAPI | B12: 97146 | C12: ASSENTAMENTO DE TUBO DE FERRO FUNDIDO PARA REDE DE ÁGUA, DN 300 MM, JUNTA ELÁSTICA, INSTALADO EM LOCAL COM NÍVEL ALTO DE INTERFERÊNCIAS (NÃO INCLUI FORNECIMENTO). AF_11/2017 | D12: M | E12: 20.57
A13: SINAPI | B13: 97147 | C13: ASSENTAMENTO DE TUBO DE FERRO FUNDIDO PARA REDE DE ÁGUA, DN 350 MM, JUNTA ELÁSTICA, INSTALADO EM LOCAL COM NÍVEL ALTO DE INTERFERÊNCIAS (NÃO INCLUI FORNECIMENTO). AF_11/2017 | D13: M | E13: 23.2
A14: SINAPI | B14: 97148 | C14: ASSENTAMENTO DE TUBO DE FERRO FUNDIDO PARA REDE DE ÁGUA, DN 400 MM, JUNTA ELÁSTICA, INSTALADO EM LOCAL COM NÍVEL ALTO DE INTERFERÊNCIAS (NÃO INCLUI FORNECIMENTO). AF_11/2017 | D14: M | E14: 25.82
A15: SINAPI | B15: 97149 | C15: ASSENTAMENTO DE TUBO DE FERRO FUNDIDO PARA REDE DE ÁGUA, DN 450 MM, JUNTA ELÁSTICA, INSTALADO EM LOCAL COM NÍVEL ALTO DE INTERFERÊNCIAS (NÃO INCLUI FORNECIMENTO). AF_11/2017 | D15: M | E15: 28.48
A16: SINAPI | B16: 97150 | C16: ASSENTAMENTO DE TUBO DE FERRO FUNDIDO PARA REDE DE ÁGUA, DN 500 MM, JUNTA ELÁSTICA, INSTALADO EM LOCAL COM NÍVEL ALTO DE INTERFERÊNCIAS (NÃO INCLUI FORNECIMENTO). AF_11/2017 | D16: M | E16: 35.85
A17: SINAPI | B17: 97151 | C17: ASSENTAMENTO DE TUBO DE FERRO FUNDIDO PARA REDE DE ÁGUA, DN 600 MM, JUNTA ELÁSTICA, INSTALADO EM LOCAL COM NÍVEL ALTO DE INTERFERÊNCIAS (NÃO INCLUI FORNECIMENTO). AF_11/2017 | D17: M | E17: 41.82
A18: SINAPI | B18: 97152 | C18: ASSENTAMENTO DE TUBO DE FERRO FUNDIDO PARA REDE DE ÁGUA, DN 700 MM, JUNTA ELÁSTICA, INSTALADO EM LOCAL COM NÍVEL ALTO DE INTERFERÊNCIAS (NÃO INCLUI FORNECIMENTO). AF_11/2017 | D18: M | E18: 47.49
... A7540: SINAPI | B7540: 101460 | C7540: VIGIA DIURNO COM ENCARGOS COMPLEMENTARES | D7540: MES | E7540: 3484.45
A7541: SINAPI-I
A7542: SINAPI-I
A7543: SINAPI-I
A7544: SINAPI-I
A7545: SINAPI-I
A7546: SINAPI-I
A7547: SINAPI-I
A7548: SINAPI-I
A7549: SINAPI-I
A7550: SINAPI-I
A7551: SINAPI-I
A7552: SINAPI-I
... A12460: SINAPI-I

Sheet PLANILHA COM VALORES
P2: Objeto: Limpeza Pública Municipal | Z2: Real
B3: LOTE | C3: Meta | D3: Nível 2 | E3: Serviço | I3: Planilha Total de Custos das Unidades Habitacionais | O3: PREFEITURA MUNICIPAL DE COXIM | X3: 133 | Z3: €$
O4: ESTADO DE MATO GROSSO DO SUL | X4: 123 | Z4: Dólar
A5: PREFEITURA DE XXXX | Y5: SINAPI | Z5: BDI 1
P6: SINAPI: | S6: não desonerada (09/2025) | Y6: Composição | Z6: BDI 2
I7: 1 | Y7: Agesul | Z7: BDI 3
A8: 2 | Y8: SICRO
G9: #REF! | O9: ORÇAMENTO SINTÉTICO | P9: BDI 1: | R9: =BDI!F24 -> 0.2426 | S9: BDI 2: | U9: BDI 3:
A10: Nível | B10: Altura | D10: n2 | E10: n3 | F10: n4 | G10: n5 | H10: Czero | I10: Cnível | J10: Nível | K10: n1 | L10: ITENS | M10: TABELA | N10: Código | O10: DESCRIÇÃO | P10: UNID | Q10: DMT (Km) | R10: PREÇO UNIT. SEM BDI (R$) | S10: PREÇO UNIT. COM BDI (R$) | T10: QUANT. | U10: BDI | V10: PREÇO SEM BDI (R$) | W10: PREÇO COM BDI (R$)
A11: 0 | B11: 0 | D11: n2 | E11: n3 | F11: n4 | G11: n5 | H11: 0 | I11: 0 | K11: n1
A12: 0 | B12: 1
A14: 1 | B14: #N/A | D14: 0 | E14: 0 | F14: 0 | G14: 0 | H14: #N/A | I14: #N/A | J14: Meta | K14: =IF(ISERR(SEARCH(".",L14,1)),"Sim","Não") -> Sim | L14: 1 | O14: ADMINISTRAÇÃO LOCAL | V14: =SUM(V15:V15) -> 190127.04 | W14: =SUM(W15:W15) -> 236251.8 | X14: =W14/$W$30*100 -> 6.7616414 | AK14: 236251.8
A15: 2 | B15: #N/A | D15: 1 | E15: 0 | F15: 0 | G15: 0 | H15: #N/A | I15: #N/A | K15: =IF(ISERR(SEARCH(".",L15,1)),"Sim","Não") -> Não | L15: 1.1 | M15: Composição | N15: =Administração!A3 -> ADM | O15: =Administração!B3 -> ADMINISTRAÇÃO LOCAL | P15: MÊS | R15: =Administração!F21 -> 15843.92 | S15: =ROUND(IF(U15="BDI 1",R15*(1+$R$9),IF(U15="BDI 2",R15*(1+$T$9),R15*(1+$W$9))),2) -> 19687.65 | T15: 12 | U15: BDI 1 | V15: =ROUND(R15*T15,2) -> 190127.04 | W15: =ROUND(S15*T15,2) -> 236251.8 | X15: =W15/$W$30*100 -> 6.7616414 | AK15: 687008.88
AI16: 19687.65
J17: Meta | K17: =IF(ISERR(SEARCH(".",L17,1)),"Sim","Não") -> Sim | L17: 2 | O17: TRANSPORTE | S17: =S18+S19 -> 55017.29 | V17: =SUM(V18:V19) -> 531311.32 | W17: =SUM(W18:W19) -> 660207.48 | X17: =W17/$W$30*100 -> 18.895459
K18: =IF(ISERR(SEARCH(".",L18,1)),"Sim","Não") -> Não | L18: 2.1 | M18: Composição | N18: VEIC 01 | O18: =VEÍCULOS!B120 -> CAMINHÃO CACAMBA/CARGA SECA | P18: MÊS | R18: =VEÍCULOS!F120 -> 24800.73 | S18: =ROUND(IF(U18="BDI 1",R18*(1+$R$9),IF(U18="BDI 2",R18*(1+$T$9),R18*(1+$W$9))),2) -> 30817.39 | T18: 12 | U18: BDI 1 | V18: =ROUND(R18*T18,2) -> 297608.76 | W18: =ROUND(S18*T18,2) -> 369808.68 | X18: =W18/$W$30*100 -> 10.584104 | AI18: 57250.74
L19: 2.2 | M19: Composição | N19: VEIC 02 | O19: =VEÍCULOS!B131 -> VEICULO P/ TRANSPORTE DE PESSOAS | P19: MÊS | R19: =VEÍCULOS!F131 -> 19475.214 | S19: =ROUND(IF(U19="BDI 1",R19*(1+$R$9),IF(U19="BDI 2",R19*(1+$T$9),R19*(1+$W$9))),2) -> 24199.9 | T19: 12 | U19: BDI 1 | V19: =ROUND(R19*T19,2) -> 233702.56 | W19: =ROUND(S19*T19,2) -> 290398.8 | X19: =W19/$W$30*100 -> 8.3113549
L20: 2.3 | M20: Composição
A22: 1 | B22: #N/A | D22: 0 | E22: 0 | F22: 0 | G22: 0 | H22: #N/A | I22: #N/A | J22: Meta | K22: =IF(ISERR(SEARCH(".",L22,1)),"Sim","Não") -> Sim | L22: 3 | O22: LIMPEZA URBANA | V22: =SUM(V23:V28) -> 2090705.8 | W22: =SUM(W23:W28) -> 2597541.5 | X22: =W22/$W$30*100 -> 74.3429
K23: =IF(ISERR(SEARCH(".",L23,1)),"Sim","Não") -> Não | L23: 3.1 | M23: Composição | N23: VAR | O23: =VARRIÇÃO!B143 -> SERVIÇO DE VARRIÇÃO | P23: =VARRIÇÃO!E146 -> Km | R23: =TRUNC(VARRIÇÃO!F146,2) -> 168.84 | S23: =ROUND(IF(U23="BDI 1",R23*(1+$R$9),IF(U23="BDI 2",R23*(1+$T$9),R23*(1+$W$9))),2) -> 209.8 | T23: =TRUNC(VARRIÇÃO!D147,2) -> 5948.06 | U23: BDI 1 | V23: =ROUND(R23*T23,2) -> 1004270.4 | W23: =ROUND(S23*T23,2) -> 1247903 | X23: =W23/$W$30*100 -> 35.71559
A24: 2 | B24: 22 | D24: 3 | E24: 0 | F24: 0 | G24: 0 | H24: 22 | I24: 44 | K24: =IF(ISERR(SEARCH(".",L24,1)),"Sim","Não") -> Não | L24: 3.2 | M24: Composição | N24: CAP | O24: =CAPINA!C164 -> SERVIÇO DE CAPINA | P24: =CAPINA!F167 -> m² | R24: =ROUND(CAPINA!G167,2) -> 2.88 | S24: =ROUND(IF(U24="BDI 1",R24*(1+$R$9),IF(U24="BDI 2",R24*(1+$T$9),R24*(1+$W$9))),2) -> 3.58 | T24: =TRUNC(CAPINA!E168,2) -> 84174.97 | U24: BDI 1 | V24: =ROUND(R24*T24,2) -> 242423.91 | W24: =ROUND(S24*T24,2) -> 301346.39 | X24: =W24/$W$30*100 -> 8.6246802
L25: 3.3 | M25: SINAPI | N25: 102498 | O25: =IF(M25="Composição",VLOOKUP(N25,#REF!,2,0),VLOOKUP(N25,'BANCO DE DADOS'!B:D,2,FALSE)) -> PINTURA DE MEIO-FIO COM TINTA BRANCA A BASE DE CAL (CAIAÇÃO). AF_05/2021 | P25: =IF(M25="Composição",VLOOKUP(N25,#REF!,3,0),VLOOKUP(N25,'BANCO DE DADOS'!B:D,3,FALSE)) -> M | R25: 1.62 | S25: =ROUND(IF(U25="BDI 1",R25*(1+$R$9),IF(U25="BDI 2",R25*(1+$T$9),R25*(1+$W$9))),2) -> 2.01 | T25: =TRUNC('MEIO FIO'!D116,2) -> 240500 | U25: BDI 1 | V25: =ROUND(R25*T25,2) -> 389610 | W25: =ROUND(S25*T25,2) -> 483405 | X25: =W25/$W$30*100 -> 13.835286
A26: 2 | B26: 22 | D26: 4 | E26: 0 | F26: 0 | G26: 0 | H26: 22 | I26: 49 | K26: =IF(ISERR(SEARCH(".",L26,1)),"Sim","Não") -> Não | L26: 3.4 | M26: Composição | N26: BUEIRO | O26: LIMPEZA DE BOCA DE LOBO | P26: ='LIMPEZA DE BUEIROS'!E76 -> UND | Q26: 55.63 | R26: ='LIMPEZA DE BUEIROS'!F76 -> 47.19 | S26: =ROUND(IF(U26="BDI 1",R26*(1+$R$9),IF(U26="BDI 2",R26*(1+$T$9),R26*(1+$W$9))),2) -> 58.64 | T26: ='LIMPEZA DE BUEIROS'!C15 -> 560 | U26: BDI 1 | V26: =ROUND(R26*T26,2) -> 26426.4 | W26: =ROUND(S26*T26,2) -> 32838.4 | X26: =W26/$W$30*100 -> 0.93985097
L27: 3.5 | M27: Composição | N27: ='PODA DE GRAMA'!B180 -> PODA | O27: PODA DE GRAMA | P27: ='PODA DE GRAMA'!F184 -> M2 | R27: ='PODA DE GRAMA'!G184 -> 1.89 | S27: =ROUND(IF(U27="BDI 1",R27*(1+$R$9),IF(U27="BDI 2",R27*(1+$T$9),R27*(1+$W$9))),2) -> 2.35 | T27: =TRUNC('PODA DE GRAMA'!E184,2) -> 168117 | U27: BDI 1 | V27: =ROUND(R27*T27,2) -> 317741.13 | W27: =ROUND(S27*T27,2) -> 395074.95 | X27: =W27/$W$30*100 -> 11.307237
L28: 3.6 | M28: SINAPI | N28: 98533 | O28: PODA EM ALTURA DE ÁRVORE COM DIÃMETRO DE 20 A 40 CM | P28: ='BANCO DE DADOS'!D7099 -> UN | R28: 118.15 | S28: =ROUND(IF(U28="BDI 1",R28*(1+$R$9),IF(U28="BDI 2",R28*(1+$T$9),R28*(1+$W$9))),2) -> 146.81 | T28: 933 | U28: BDI 1 | V28: =ROUND(R28*T28,2) -> 110233.95 | W28: =ROUND(S28*T28,2) -> 136973.73 | X28: =W28/$W$30*100 -> 3.9202548
A29: 0 | B29: 0 | D29: 0 | E29: 0 | F29: 0 | G29: 0 | H29: 0 | I29: 0 | K29: =IF(ISERR(SEARCH(".",L29,1)),"Sim","Não") -> Sim | O29: VAZIO | X29: =X14+X17+X22 -> 100
A30: 0 | B30: 0 | D30: 0 | E30: 0 | F30: 0 | G30: 0 | H30: 0 | I30: 0 | K30: =IF(ISERR(SEARCH(".",L30,1)),"Sim","Não") -> Sim | O30: TOTAL GERAL COM BDI | W30: =SUMIF(J10:K28,"Meta",W10:W28) -> 3494000.7
K31: =IF(ISERR(SEARCH(".",L31,1)),"Sim","Não") -> Sim | O31: VAZIO
K32: =IF(ISERR(SEARCH(".",L32,1)),"Sim","Não") -> Não | L32: Coxim MS, de de 2025.
J35: VAZIO | K35: =IF(ISERR(SEARCH(".",L35,1)),"Sim","Não") -> Sim | O35: VAZIO
K36: =IF(ISERR(SEARCH(".",L36,1)),"Sim","Não") -> Sim | O36: _______________________________________________________ | R36: _______________________________________________________
K37: =IF(ISERR(SEARCH(".",L37,1)),"Sim","Não") -> Sim | O37: Representante: Tomador/Ag Promotor ou Tomador | R37: Resp. Técnico pelo Projeto e Orçamento
K38: =IF(ISERR(SEARCH(".",L38,1)),"Sim","Não") -> Sim | P38: Nome:
K39: =IF(ISERR(SEARCH(".",L39,1)),"Sim","Não") -> Sim | O39: Prefeito Municipal | P39: Cargo:
K40: =IF(ISERR(SEARCH(".",L40,1)),"Sim","Não") -> Sim | O40: VAZIO
K41: =IF(ISERR(SEARCH(".",L41,1)),"Sim","Não") -> Sim | O41: VAZIO

Sheet VARRIÇÃO
A1: PREFEITURA MUNICIPAL DE COXIM
A2: ESTADO DO MATO GROSSO DO SUL
A4: COMPOSIÇÃO PARA VARRIÇAO
A6: Objeto: Limpeza Pública Municipal
A8: RELAÇÃO DE RUAS E AVENIDAS/ VARRIÇÃO QUINZENAL- BAIRROS
A9: LOGRADOURO | B9: Extensão | C9: 2 Lados da via | D9: Ocupação da via | E9: Tráfego | F9: Frequência de varrição | G9: Dia/mês | H9: Extensão varrida (m/mês) | I9: Extensão varrida (Km/mês)
A10: SÃO JUDAS TADEU
A11: Rua campo grande | B11: 270 | C11: =B11*2 -> 540 | D11: Misto | E11: Leve | F11: Quinzenal | G11: 2 | H11: =(C11*G11) -> 1080 | I11: =H11/1000 -> 1.08
A12: Rua 13 de maio | B12: 352 | C12: =B12*2 -> 704 | D12: Misto | E12: Médio | F12: Quinzenal | G12: 2 | H12: =(C12*G12) -> 1408 | I12: =H12/1000 -> 1.408
A13: Rua antonio mourão | B13: 444 | C13: =B13*2 -> 888 | D13: Misto | E13: Médio | F13: Quinzenal | G13: 2 | H13: =(C13*G13) -> 1776 | I13: =H13/1000 -> 1.776
A14: Rua Padre João cripa | B14: 375 | C14: =B14*2 -> 750 | D14: Misto | E14: Leve | F14: Quinzenal | G14: 2 | H14: =(C14*G14) -> 1500 | I14: =H14/1000 -> 1.5
A15: Rua SN 1087 (trecho simples) | B15: 442 | C15: =B15*2 -> 884 | D15: Misto | E15: Leve | F15: Quinzenal | G15: 2 | H15: =(C15*G15) -> 1768 | I15: =H15/1000 -> 1.768
A17: Rua SN 1033 | B17: 109 | C17: =B17*2 -> 218 | D17: Misto | E17: Leve | F17: Quinzenal | G17: 2 | H17: =(C17*G17) -> 436 | I17: =H17/1000 -> 0.436
A18: Rua Pedro Fontoura | B18: 348 | C18: =B18*2 -> 696 | D18: Misto | E18: Leve | F18: Quinzenal | G18: 2 | H18: =(C18*G18) -> 1392 | I18: =H18/1000 -> 1.392
A19: SILVIOLÂNDIA
A20: Rua Luiz gonzaga | B20: 1595 | C20: =B20*2 -> 3190 | D20: Residencial | E20: Leve | F20: Quinzenal | G20: 2 | H20: =(C20*G20) -> 6380 | I20: =H20/1000 -> 6.38
A21: MORADA SÃO PEDRO
A22: Rua Ceará | B22: 350 | C22: =B22*2 -> 700 | D22: Residencial | E22: Leve | F22: Quinzenal | G22: 2 | H22: =(C22*G22) -> 1400 | I22: =H22/1000 -> 1.4
A23: Rua Pernambuco | B23: 381 | C23: =B23*2 -> 762 | D23: Residencial | E23: Leve | F23: Quinzenal | G23: 2 | H23: =(C23*G23) -> 1524 | I23: =H23/1000 -> 1.524
A24: Rua rio Grande do Sul | B24: 345 | C24: =B24*2 -> 690 | D24: Residencial | E24: Leve | F24: Quinzenal | G24: 2 | H24: =(C24*G24) -> 1380 | I24: =H24/1000 -> 1.38
A25: Rua Paraiba | B25: 417 | C25: =B25*2 -> 834 | D25: Residencial | E25: Leve | F25: Quinzenal | G25: 2 | H25: =(C25*G25) -> 1668 | I25: =H25/1000 -> 1.668
A26: Rua Oscar serroy Camy | B26: 410 | C26: =B26*2 -> 820 | D26: Residencial | E26: Leve | F26: Quinzenal | G26: 2 | H26: =(C26*G26) -> 1640 | I26: =H26/1000 -> 1.64
A27: Rua Piaui | B27: 404 | C27: =B27*2 -> 808 | D27: Residencial | E27: Leve | F27: Quinzenal | G27: 2 | H27: =(C27*G27) -> 1616 | I27: =H27/1000 -> 1.616
A28: Rua Salvina Maria Carmo | B28: 406 | C28: =B28*2 -> 812 | D28: Residencial | E28: Leve | F28: Quinzenal | G28: 2 | H28: =(C28*G28) -> 1624 | I28: =H28/1000 -> 1.624
A29: Rua roraima | B29: 436 | C29: =B29*2 -> 872 | D29: Residencial | E29: Leve | F29: Quinzenal | G29: 2 | H29: =(C29*G29) -> 1744 | I29: =H29/1000 -> 1.744
A30: Rua mato Grosso do sul | B30: 464 | C30: =B30*2 -> 928 | D30: Residencial | E30: Leve | F30: Quinzenal | G30: 2 | H30: =(C30*G30) -> 1856 | I30: =H30/1000 -> 1.856
A31: Travessa Santarem | B31: 66 | C31: =B31*2 -> 132 | D31: Residencial | E31: Leve | F31: Quinzenal | G31: 2 | H31: =(C31*G31) -> 264 | I31: =H31/1000 -> 0.264
A32: Travesssa Recife | B32: 65 | C32: =B32*2 -> 130 | D32: Residencial | E32: Leve | F32: Quinzenal | G32: 2 | H32: =(C32*G32) -> 260 | I32: =H32/1000 -> 0.26
A33: Travessa Goiania | B33: 184 | C33: =B33*2 -> 368 | D33: Residencial | E33: Leve | F33: Quinzenal | G33: 2 | H33: =(C33*G33) -> 736 | I33: =H33/1000 -> 0.736
... A36: Travesa Belem | B36: 67 | C36: =B36*2 -> 134 | D36: Residencial | E36: Leve | F36: Quinzenal | G36: 2 | H36: =(C36*G36) -> 268 | I36: =H36/1000 -> 0.268
A37: FLAVIO GARCIA
A38: Av. Costa e silva | B38: 1147 | C38: =B38*2 -> 2294 | D38: Residencial | E38: Leve | F38: Quinzenal | G38: 2 | H38: =(C38*G38) -> 4588 | I38: =H38/1000 -> 4.588
A39: Av Tancredo neves | B39: 998 | C39: =B39*2 -> 1996 | D39: Residencial | E39: Leve | F39: Quinzenal | G39: 2 | H39: =(C39*G39) -> 3992 | I39: =H39/1000 -> 3.992
A40: Rua daniel Cesario | B40: 396 | C40: =B40*2 -> 792 | D40: Residencial | E40: Leve | F40: Quinzenal | G40: 2 | H40: =(C40*G40) -> 1584 | I40: =H40/1000 -> 1.584
A41: Rua Antonio Reis Coelho | B41: 510 | C41: =B41*2 -> 1020 | D41: Residencial | E41: Leve | F41: Quinzenal | G41: 2 | H41: =(C41*G41) -> 2040 | I41: =H41/1000 -> 2.04
A42: Rua Afonso Costa campos | B42: 443 | C42: =B42*2 -> 886 | D42: Residencial | E42: Leve | F42: Quinzenal | G42: 2 | H42: =(C42*G42) -> 1772 | I42: =H42/1000 -> 1.772
A43: Rua Oscar Costa | B43: 791 | C43: =B43*2 -> 1582 | D43: Residencial | E43: Leve | F43: Quinzenal | G43: 2 | H43: =(C43*G43) -> 3164 | I43: =H43/1000 -> 3.164
A44: Rua 11 de abril | B44: 429 | C44: =B44*2 -> 858 | D44: Residencial | E44: Leve | F44: Quinzenal | G44: 2 | H44: =(C44*G44) -> 1716 | I44: =H44/1000 -> 1.716
A45: Rua Cel Manoel Mariano | B45: 574 | C45: =B45*2 -> 1148 | D45: Residencial | E45: Leve | F45: Quinzenal | G45: 2 | H45: =(C45*G45) -> 2296 | I45: =H45/1000 -> 2.296
A46: Av. Presidente Castelo Branco | B46: 860 | C46: =B46*2 -> 1720 | D46: Misto | E46: Leve | F46: Quinzenal | G46: 2 | H46: =(C46*G46) -> 3440 | I46: =H46/1000 -> 3.44
A47: Rua feliiciano Serrouy Camy | B47: 708 | C47: =B47*2 -> 1416 | D47: Misto | E47: Leve | F47: Quinzenal | G47: 2 | H47: =(C47*G47) -> 2832 | I47: =H47/1000 -> 2.832
A48: Rua Oscar Serroy Camy | B48: 832 | C48: =B48*2 -> 1664 | D48: Misto | E48: Leve | F48: Quinzenal | G48: 2 | H48: =(C48*G48) -> 3328 | I48: =H48/1000 -> 3.328
A49: Rua Salvina Maria Carmo | B49: 867 | C49: =B49*2 -> 1734 | D49: Residencial | E49: Leve | F49: Quinzenal | G49: 2 | H49: =(C49*G49) -> 3468 | I49: =H49/1000 -> 3.468
... A51: Rua Joaquim Cesario da Silva | B51: 579 | C51: =B51*2 -> 1158 | D51: Residencial | E51: Leve | F51: Quinzenal | G51: 2 | H51: =(C51*G51) -> 2316 | I51: =H51/1000 -> 2.316
A52: PIRACEMA
A53: Rua ferreira | B53: 1048 | C53: =B53*2 -> 2096 | D53: Residencial | E53: Leve | F53: Quinzenal | G53: 2 | H53: =(C53*G53) -> 4192 | I53: =H53/1000 -> 4.192
A54: Rua Major Tomas Gonçalves | B54: 1038 | C54: =B54*2 -> 2076 | D54: Residencial | E54: Leve | F54: Quinzenal | G54: 2 | H54: =(C54*G54) -> 4152 | I54: =H54/1000 -> 4.152
A55: Rua Tres Lagoas | B55: 927 | C55: =B55*2 -> 1854 | D55: Residencial | E55: Leve | F55: Quinzenal | G55: 2 | H55: =(C55*G55) -> 3708 | I55: =H55/1000 -> 3.708
A56: Rua São Paulo | B56: 947 | C56: =B56*2 -> 1894 | D56: Residencial | E56: Leve | F56: Quinzenal | G56: 2 | H56: =(C56*G56) -> 3788 | I56: =H56/1000 -> 3.788
A57: Rua Fortaleza | B57: 503 | C57: =B57*2 -> 1006 | D57: Residencial | E57: Leve | F57: Quinzenal | G57: 2 | H57: =(C57*G57) -> 2012 | I57: =H57/1000 -> 2.012
A58: Rua Pedro Gomes | B58: 497 | C58: =B58*2 -> 994 | D58: Residencial | E58: Leve | F58: Quinzenal | G58: 2 | H58: =(C58*G58) -> 1988 | I58: =H58/1000 -> 1.988
A59: Rua Porto Alegre | B59: 488 | C59: =B59*2 -> 976 | D59: Residencial | E59: Leve | F59: Quinzenal | G59: 2 | H59: =(C59*G59) -> 1952 | I59: =H59/1000 -> 1.952
A60: Rua Nioaque | B60: 499 | C60: =B60*2 -> 998 | D60: Residencial | E60: Leve | F60: Quinzenal | G60: 2 | H60: =(C60*G60) -> 1996 | I60: =H60/1000 -> 1.996
A61: Rua José antonio | B61: 489 | C61: =B61*2 -> 978 | D61: Residencial | E61: Leve | F61: Quinzenal | G61: 2 | H61: =(C61*G61) -> 1956 | I61: =H61/1000 -> 1.956
A62: Ru Bandeira | B62: 604 | C62: =B62*2 -> 1208 | D62: Residencial | E62: Leve | F62: Quinzenal | G62: 2 | H62: =(C62*G62) -> 2416 | I62: =H62/1000 -> 2.416
A63: Rua Antonio João | B63: 607 | C63: =B63*2 -> 1214 | D63: Residencial | E63: Leve | F63: Quinzenal | G63: 2 | H63: =(C63*G63) -> 2428 | I63: =H63/1000 -> 2.428
A64: Av Federal | B64: =499*2 -> 998 | C64: =B64*2 -> 1996 | D64: Comercial | E64: Leve | F64: Quinzenal | G64: 2 | H64: =(C64*G64) -> 3992 | I64: =H64/1000 -> 3.992
A65: Rua Dr Pedro Honda | B65: 110 | C65: =B65*2 -> 220 | D65: Comercial | E65: Leve | F65: Quinzenal | G65: 2 | H65: =(C65*G65) -> 440 | I65: =H65/1000 -> 0.44
A66: Rua Projetada A | B66: 108 | C66: =B66*2 -> 216 | D66: Comercial | E66: Leve | F66: Quinzenal | G66: 2 | H66: =(C66*G66) -> 432 | I66: =H66/1000 -> 0.432
A67: SENHOR DO DIVINO
A68: Av. Frei Cirino | B68: 2629 | C68: =B68*2 -> 5258 | D68: Misto | E68: Leve | F68: Quinzenal | G68: 2 | H68: =(C68*G68) -> 10516 | I68: =H68/1000 -> 10.516
A69: Av. Pedro Pedrossian | B69: 2387 | C69: =B69*2 -> 4774 | D69: Misto | E69: Leve | F69: Quinzenal | G69: 2 | H69: =(C69*G69) -> 9548 | I69: =H69/1000 -> 9.548
A70: Rua Pedro Aragão | B70: 883 | C70: =B70*2 -> 1766 | D70: Misto | E70: Leve | F70: Quinzenal | G70: 2 | H70: =(C70*G70) -> 3532 | I70: =H70/1000 -> 3.532
A71: JD AEREOPORTO
A72: Rua Gen Mendes Moraes | B72: 1958 | C72: =B72*2 -> 3916 | D72: Misto | E72: Leve | F72: Quinzenal | G72: 2 | H72: =(C72*G72) -> 7832 | I72: =H72/1000 -> 7.832
A73: Av. Olivio Kohl | B73: 1091 | C73: =B73*2 -> 2182 | D73: Misto | E73: Leve | F73: Quinzenal | G73: 2 | H73: =(C73*G73) -> 4364 | I73: =H73/1000 -> 4.364
A74: Rua das Flores | B74: 427 | C74: =B74*2 -> 854 | D74: Misto | E74: Leve | F74: Quinzenal | G74: 2 | H74: =(C74*G74) -> 1708 | I74: =H74/1000 -> 1.708
B75: =SUM(B11:B74) -> 35828 | C75: =SUM(C11:C74) -> 71656 | I75: =SUM(I11:I74) -> 143.312
A76: RELAÇÃO DE RUAS E AVENIDAS/ VARRIÇÃO 1 X SEMANA
A77: LOGRADOURO | B77: Extensão | C77: 4 lados da via | D77: Ocupação da via | E77: Tráfego | F77: Frequência de varrição | G77: Dia/mês | H77: Extensão varrida (m/mês) | I77: Extensão varrida (Km/mês)
A78: Rua SN 1087 (trecho duplo) | B78: 207 | C78: =B78*4 -> 828 | D78: Misto | E78: Leve | F78: semanal | G78: 4 | H78: =(C78*G78) -> 3312 | I78: =H78/1000 -> 3.312
A79: Av João feliciano Bezerra | B79: 830 | C79: =B79*4 -> 3320 | D79: Misto | E79: Leve | F79: semanal | G79: 4 | H79: =(C79*G79) -> 13280 | I79: =H79/1000 -> 13.28
A80: Av. Virginio Ferreira | B80: 2119 | C80: =B80*4 -> 8476 | D80: Comercial | E80: Leve | F80: semanal | G80: 4 | H80: =(C80*G80) -> 33904 | I80: =H80/1000 -> 33.904
B81: =SUM(B78:B80) -> 3156 | C81: =SUM(C78:C80) -> 12624 | I81: =SUM(I78:I80) -> 50.496
A82: RELAÇÃO DE RUAS E AVENIDAS CENTRO/ VARRIÇÃO 1 X SEMANA
A83: LOGRADOURO | B83: Extensão | C83: 2 lados da via | D83: Ocupação da via | E83: Tráfego | F83: Frequência de varrição | G83: Dia/mês | H83: Extensão varrida (m/mês) | I83: Extensão varrida (Km/mês)
A84: Av. Gaspar Ries Coelho | B84: 1925 | C84: =B84*2 -> 3850 | D84: Comercial | E84: Leve | F84: semanal | G84: 4 | H84: =(C84*G84) -> 15400 | I84: =H84/1000 -> 15.4
A85: Av. Marcio Lima Nantes | B85: 2131 | C85: =B85*2 -> 4262 | D85: Residencial | E85: Leve | F85: semanal | G85: 4 | H85: =(C85*G85) -> 17048 | I85: =H85/1000 -> 17.048
A86: Av. presidente vargas | B86: 2283 | C86: =B86*2 -> 4566 | D86: Misto | E86: Leve | F86: semanal | G86: 4 | H86: =(C86*G86) -> 18264 | I86: =H86/1000 -> 18.264
A87: Av. Otacilio Severo dos Santos | B87: 1772 | C87: =B87*2 -> 3544 | D87: Misto | E87: Leve | F87: semanal | G87: 4 | H87: =(C87*G87) -> 14176 | I87: =H87/1000 -> 14.176
B88: =SUM(B84:B87) -> 8111 | C88: =SUM(C84:C87) -> 16222 | I88: =SUM(I84:I87) -> 64.888
A89: RELAÇÃO DE RUAS E AVENIDAS CENTRO/ VARRIÇÃO QUINZENAL
A90: LOGRADOURO | B90: Extensão | C90: 2 lados da via | D90: Ocupação da via | E90: Tráfego | F90: Frequência de varrição | G90: Dia/mês | H90: Extensão varrida (m/mês) | I90: Extensão varrida (Km/mês)
A91: Rua floriano peixoto | B91: 411 | C91: =B91*2 -> 822 | D91: Comercial | E91: Leve | F91: Quinzenal | G91: 12 | H91: =(C91*G91) -> 9864 | I91: =H91/1000 -> 9.864
B92: =SUM(B91) -> 411 | C92: =C91 -> 822 | I92: =SUM(I91) -> 9.864
A93: RELAÇÃO DE RUAS E AVENIDAS CENTRO/ VARRIÇÃO 3 X SEMANA
A94: LOGRADOURO | B94: Extensão | C94: 2 lados da via | D94: Ocupação da via | E94: Tráfego | F94: Frequência de varrição | G94: Dia/mês | H94: Extensão varrida (m/mês) | I94: Extensão varrida (Km/mês)
A95: Rua delmira Bandeira | B95: 902 | C95: =B95*2 -> 1804 | D95: Comercial | E95: Leve | F95: semanal | G95: 12 | H95: =(C95*G95) -> 21648 | I95: =H95/1000 -> 21.648
A96: Rua Antonio João | B96: 814 | C96: =B96*2 -> 1628 | D96: Comercial | E96: Leve | F96: semanal | G96: 12 | H96: =(C96*G96) -> 19536 | I96: =H96/1000 -> 19.536
A97: Rua Antonio de Albuquerque | B97: 803 | C97: =B97*2 -> 1606 | D97: Comercial | E97: Leve | F97: semanal | G97: 12 | H97: =(C97*G97) -> 19272 | I97: =H97/1000 -> 19.272
A98: Rua Filinto Muller | B98: 736 | C98: =B98*2 -> 1472 | D98: Comercial | E98: Leve | F98: semanal | G98: 12 | H98: =(C98*G98) -> 17664 | I98: =H98/1000 -> 17.664
A99: Rua SN 1173 | B99: 144 | C99: =B99*2 -> 288 | D99: Comercial | E99: Leve | F99: semanal | G99: 12 | H99: =(C99*G99) -> 3456 | I99: =H99/1000 -> 3.456
A100: Rua Miranda reis | B100: =298+307 -> 605 | C100: =B100*2 -> 1210 | D100: Comercial | E100: Leve | F100: semanal | G100: 12 | H100: =(C100*G100) -> 14520 | I100: =H100/1000 -> 14.52
A101: Rua Cel Ponce | B101: 625 | C101: =B101*2 -> 1250 | D101: Comercial | E101: Leve | F101: semanal | G101: 12 | H101: =(C101*G101) -> 15000 | I101: =H101/1000 -> 15
A102: Rua Padre José Nunes Dias | B102: 330 | C102: =B102*2 -> 660 | D102: Comercial | E102: Leve | F102: semanal | G102: 12 | H102: =(C102*G102) -> 7920 | I102: =H102/1000 -> 7.92
A103: Rua João pessoa | B103: 701 | C103: =B103*2 -> 1402 | D103: Comercial | E103: Leve | F103: semanal | G103: 12 | H103: =(C103*G103) -> 16824 | I103: =H103/1000 -> 16.824
A104: Rua barão do rio Branco | B104: 671 | C104: =B104*2 -> 1342 | D104: Comercial | E104: Leve | F104: semanal | G104: 12 | H104: =(C104*G104) -> 16104 | I104: =H104/1000 -> 16.104
A105: Rua rio Grande do Sul | B105: 464 | C105: =B105*2 -> 928 | D105: Comercial | E105: Leve | F105: semanal | G105: 12 | H105: =(C105*G105) -> 11136 | I105: =H105/1000 -> 11.136
A106: Rua santos dumont | B106: 163 | C106: =B106*2 -> 326 | D106: Comercial | E106: Leve | F106: semanal | G106: 12 | H106: =(C106*G106) -> 3912 | I106: =H106/1000 -> 3.912
A107: Rua herculano penna | B107: 1043 | C107: =B107*2 -> 2086 | D107: Comercial | E107: Leve | F107: semanal | G107: 12 | H107: =(C107*G107) -> 25032 | I107: =H107/1000 -> 25.032
...

Sheet CAPINA
B1: PREFEITURA MUNICIPAL DE COXIM
B2: ESTADO DO MATO GROSSO DO SUL
B4: COMPOSIÇÃO PARA CAPINA
B6: Objeto: Limpeza Pública Municipal
B8: RELAÇÃO DE RUAS E AVENIDAS/ BAIRROS
B9: LOGRADOURO | C9: Extensão | D9: 2 Lados da via | E9: Ocupação da via | F9: Tráfego | G9: Frequência de varrição | H9: Dia/mês | I9: Extensão varrida (m/mês) | J9: Extensão varrida (Km/mês)
B10: SÃO JUDAS TADEU
B11: Rua campo grande | C11: 297 | D11: =C11*2 -> 594 | E11: Misto | F11: Leve | G11: Quinzenal | H11: 2 | I11: =(D11*H11) -> 1188 | J11: =I11/1000 -> 1.188
B12: Rua 13 de maio | C12: 385 | D12: =C12*2 -> 770 | E12: Misto | F12: Médio | G12: Quinzenal | H12: 2 | I12: =(D12*H12) -> 1540 | J12: =I12/1000 -> 1.54
B13: Rua antonio mourão | C13: 462 | D13: =C13*2 -> 924 | E13: Misto | F13: Médio | G13: Quinzenal | H13: 2 | I13: =(D13*H13) -> 1848 | J13: =I13/1000 -> 1.848
B14: Rua Padre João cripa | C14: 385 | D14: =C14*2 -> 770 | E14: Misto | F14: Leve | G14: Quinzenal | H14: 2 | I14: =(D14*H14) -> 1540 | J14: =I14/1000 -> 1.54
B15: Rua SN 1087 | C15: 660 | D15: =C15*2 -> 1320 | E15: Misto | F15: Leve | G15: Quinzenal | H15: 2 | I15: =(D15*H15) -> 2640 | J15: =I15/1000 -> 2.64
B16: Rua SN 1033 | C16: 132 | D16: =C16*2 -> 264 | E16: Misto | F16: Leve | G16: Quinzenal | H16: 2 | I16: =(D16*H16) -> 528 | J16: =I16/1000 -> 0.528
B17: Rua Pedro Fontoura | C17: 385 | D17: =C17*2 -> 770 | E17: Misto | F17: Leve | G17: Quinzenal | H17: 2 | I17: =(D17*H17) -> 1540 | J17: =I17/1000 -> 1.54
B18: SILVIOLÂNDIA
B19: Rua Luiz gonzaga | C19: 1595 | D19: =C19*2 -> 3190 | E19: Residencial | F19: Leve | G19: Quinzenal | H19: 2 | I19: =(D19*H19) -> 6380 | J19: =I19/1000 -> 6.38
B20: MORADA SÃO PEDRO
B21: Rua Ceará | C21: 352 | D21: =C21*2 -> 704 | E21: Residencial | F21: Leve | G21: Quinzenal | H21: 2 | I21: =(D21*H21) -> 1408 | J21: =I21/1000 -> 1.408
B22: Rua Pernambuco | C22: 385 | D22: =C22*2 -> 770 | E22: Residencial | F22: Leve | G22: Quinzenal | H22: 2 | I22: =(D22*H22) -> 1540 | J22: =I22/1000 -> 1.54
B23: Rua rio Grande do Sul | C23: 407 | D23: =C23*2 -> 814 | E23: Residencial | F23: Leve | G23: Quinzenal | H23: 2 | I23: =(D23*H23) -> 1628 | J23: =I23/1000 -> 1.628
B24: Rua Paraiba | C24: 440 | D24: =C24*2 -> 880 | E24: Residencial | F24: Leve | G24: Quinzenal | H24: 2 | I24: =(D24*H24) -> 1760 | J24: =I24/1000 -> 1.76
B25: Rua Oscar serroy Camy | C25: 462 | D25: =C25*2 -> 924 | E25: Residencial | F25: Leve | G25: Quinzenal | H25: 2 | I25: =(D25*H25) -> 1848 | J25: =I25/1000 -> 1.848
B26: Rua Piaui | C26: 396 | D26: =C26*2 -> 792 | E26: Residencial | F26: Leve | G26: Quinzenal | H26: 2 | I26: =(D26*H26) -> 1584 | J26: =I26/1000 -> 1.584
B27: Rua Salvina Maria Carmo | C27: 440 | D27: =C27*2 -> 880 | E27: Residencial | F27: Leve | G27: Quinzenal | H27: 2 | I27: =(D27*H27) -> 1760 | J27: =I27/1000 -> 1.76
B28: Rua roraima | C28: 495 | D28: =C28*2 -> 990 | E28: Residencial | F28: Leve | G28: Quinzenal | H28: 2 | I28: =(D28*H28) -> 1980 | J28: =I28/1000 -> 1.98
B29: Rua mato Grosso do sul | C29: 506 | D29: =C29*2 -> 1012 | E29: Residencial | F29: Leve | G29: Quinzenal | H29: 2 | I29: =(D29*H29) -> 2024 | J29: =I29/1000 -> 2.024
B30: Travessa Santarem | C30: 71 | D30: =C30*2 -> 142 | E30: Residencial | F30: Leve | G30: Quinzenal | H30: 2 | I30: =(D30*H30) -> 284 | J30: =I30/1000 -> 0.284
B31: Travesssa Recife | C31: 198 | D31: =C31*2 -> 396 | E31: Residencial | F31: Leve | G31: Quinzenal | H31: 2 | I31: =(D31*H31) -> 792 | J31: =I31/1000 -> 0.792
B32: Travessa Goiania | C32: 71 | D32: =C32*2 -> 142 | E32: Residencial | F32: Leve | G32: Quinzenal | H32: 2 | I32: =(D32*H32) -> 284 | J32: =I32/1000 -> 0.284
... B35: Travesa Belem | C35: 71 | D35: =C35*2 -> 142 | E35: Residencial | F35: Leve | G35: Quinzenal | H35: 2 | I35: =(D35*H35) -> 284 | J35: =I35/1000 -> 0.284
B36: FLAVIO GARCIA
B37: Av. Costa e silva | C37: 1155 | D37: =C37*2 -> 2310 | E37: Residencial | F37: Leve | G37: Quinzenal | H37: 2 | I37: =(D37*H37) -> 4620 | J37: =I37/1000 -> 4.62
B38: Av Tancredo neves | C38: 1045 | D38: =C38*2 -> 2090 | E38: Residencial | F38: Leve | G38: Quinzenal | H38: 2 | I38: =(D38*H38) -> 4180 | J38: =I38/1000 -> 4.18
B39: Rua daniel Cesario | C39: 396 | D39: =C39*2 -> 792 | E39: Residencial | F39: Leve | G39: Quinzenal | H39: 2 | I39: =(D39*H39) -> 1584 | J39: =I39/1000 -> 1.584
B40: Rua Antonio Reis Coelho | C40: 495 | D40: =C40*2 -> 990 | E40: Residencial | F40: Leve | G40: Quinzenal | H40: 2 | I40: =(D40*H40) -> 1980 | J40: =I40/1000 -> 1.98
B41: Rua Afonso Costa campos | C41: 440 | D41: =C41*2 -> 880 | E41: Residencial | F41: Leve | G41: Quinzenal | H41: 2 | I41: =(D41*H41) -> 1760 | J41: =I41/1000 -> 1.76
B42: Rua Oscar Costa | C42: 770 | D42: =C42*2 -> 1540 | E42: Residencial | F42: Leve | G42: Quinzenal | H42: 2 | I42: =(D42*H42) -> 3080 | J42: =I42/1000 -> 3.08
B43: Rua 11 de abril | C43: 715 | D43: =C43*2 -> 1430 | E43: Residencial | F43: Leve | G43: Quinzenal | H43: 2 | I43: =(D43*H43) -> 2860 | J43: =I43/1000 -> 2.86
B44: Rua Cel Manoel Mariano | C44: 660 | D44: =C44*2 -> 1320 | E44: Residencial | F44: Leve | G44: Quinzenal | H44: 2 | I44: =(D44*H44) -> 2640 | J44: =I44/1000 -> 2.64
B45: Av. Presidente Castelo Branco | C45: 880 | D45: =C45*2 -> 1760 | E45: Misto | F45: Leve | G45: Quinzenal | H45: 2 | I45: =(D45*H45) -> 3520 | J45: =I45/1000 -> 3.52
B46: Rua feliiciano Serrouy Camy | C46: 715 | D46: =C46*2 -> 1430 | E46: Misto | F46: Leve | G46: Quinzenal | H46: 2 | I46: =(D46*H46) -> 2860 | J46: =I46/1000 -> 2.86
B47: Rua Oscar Serroy Camy | C47: 825 | D47: =C47*2 -> 1650 | E47: Misto | F47: Leve | G47: Quinzenal | H47: 2 | I47: =(D47*H47) -> 3300 | J47: =I47/1000 -> 3.3
B48: Rua Salvina Maria Carmo | C48: 880 | D48: =C48*2 -> 1760 | E48: Residencial | F48: Leve | G48: Quinzenal | H48: 2 | I48: =(D48*H48) -> 3520 | J48: =I48/1000 -> 3.52
... B50: Rua Joaquim Cesario da Silva | C50: 407 | D50: =C50*2 -> 814 | E50: Residencial | F50: Leve | G50: Quinzenal | H50: 2 | I50: =(D50*H50) -> 1628 | J50: =I50/1000 -> 1.628
B51: PIRACEMA
B52: Rua ferreira | C52: 1100 | D52: =C52*2 -> 2200 | E52: Residencial | F52: Leve | G52: Quinzenal | H52: 2 | I52: =(D52*H52) -> 4400 | J52: =I52/1000 -> 4.4
B53: Rua Major Tomas Gonçalves | C53: 1100 | D53: =C53*2 -> 2200 | E53: Residencial | F53: Leve | G53: Quinzenal | H53: 2 | I53: =(D53*H53) -> 4400 | J53: =I53/1000 -> 4.4
B54: Rua Tres Lagoas | C54: 1100 | D54: =C54*2 -> 2200 | E54: Residencial | F54: Leve | G54: Quinzenal | H54: 2 | I54: =(D54*H54) -> 4400 | J54: =I54/1000 -> 4.4
B55: Rua São Paulo | C55: 1100 | D55: =C55*2 -> 2200 | E55: Residencial | F55: Leve | G55: Quinzenal | H55: 2 | I55: =(D55*H55) -> 4400 | J55: =I55/1000 -> 4.4
B56: Rua terenos | C56: 1100 | D56: =C56*2 -> 2200 | E56: Residencial | F56: Leve | G56: Quinzenal | H56: 2 | I56: =(D56*H56) -> 4400 | J56: =I56/1000 -> 4.4
B57: Rua Jose Pereira da Silva | C57: 495 | D57: =C57*2 -> 990 | E57: Residencial | F57: Leve | G57: Quinzenal | H57: 2 | I57: =(D57*H57) -> 1980 | J57: =I57/1000 -> 1.98
B58: Rua Fortaleza | C58: 495 | D58: =C58*2 -> 990 | E58: Residencial | F58: Leve | G58: Quinzenal | H58: 2 | I58: =(D58*H58) -> 1980 | J58: =I58/1000 -> 1.98
B59: Rua Pedro Gomes | C59: 495 | D59: =C59*2 -> 990 | E59: Residencial | F59: Leve | G59: Quinzenal | H59: 2 | I59: =(D59*H59) -> 1980 | J59: =I59/1000 -> 1.98
B60: Rua Porto Alegre | C60: 495 | D60: =C60*2 -> 990 | E60: Residencial | F60: Leve | G60: Quinzenal | H60: 2 | I60: =(D60*H60) -> 1980 | J60: =I60/1000 -> 1.98
B61: Rua Nioaque | C61: 495 | D61: =C61*2 -> 990 | E61: Residencial | F61: Leve | G61: Quinzenal | H61: 2 | I61: =(D61*H61) -> 1980 | J61: =I61/1000 -> 1.98
B62: Rua José antonio | C62: 495 | D62: =C62*2 -> 990 | E62: Residencial | F62: Leve | G62: Quinzenal | H62: 2 | I62: =(D62*H62) -> 1980 | J62: =I62/1000 -> 1.98
B63: Ru Bandeira | C63: 495 | D63: =C63*2 -> 990 | E63: Residencial | F63: Leve | G63: Quinzenal | H63: 2 | I63: =(D63*H63) -> 1980 | J63: =I63/1000 -> 1.98
... B67: Rua SN 1137 | C67: 770 | D67: =C67*2 -> 1540 | E67: Comercial | F67: Leve | G67: Quinzenal | H67: 2 | I67: =(D67*H67) -> 3080 | J67: =I67/1000 -> 3.08
B68: SENHOR DO DIVINO
B69: Av. Frei Cirino | C69: 2200 | D69: =C69*2 -> 4400 | E69: Misto | F69: Leve | G69: Quinzenal | H69: 2 | I69: =(D69*H69) -> 8800 | J69: =I69/1000 -> 8.8
B70: Av. Pedro Pedrossian | C70: 1045 | D70: =C70*2 -> 2090 | E70: Misto | F70: Leve | G70: Quinzenal | H70: 2 | I70: =(D70*H70) -> 4180 | J70: =I70/1000 -> 4.18
B71: Rua Pedro Aragão | C71: 880 | D71: =C71*2 -> 1760 | E71: Misto | F71: Leve | G71: Quinzenal | H71: 2 | I71: =(D71*H71) -> 3520 | J71: =I71/1000 -> 3.52
B72: JD VISTA ALEGRE
B73: Av, João feliciano Bezerra | C73: 825 | D73: =C73*2 -> 1650 | E73: Misto | F73: Leve | G73: Quinzenal | H73: 2 | I73: =(D73*H73) -> 3300 | J73: =I73/1000 -> 3.3
B74: JD AEREOPORTO
B75: Rua Gen Mendes Moraes | C75: 1595 | D75: =C75*2 -> 3190 | E75: Misto | F75: Leve | G75: Quinzenal | H75: 2 | I75: =(D75*H75) -> 6380 | J75: =I75/1000 -> 6.38
B76: Av. Olivio Kohl | C76: 1045 | D76: =C76*2 -> 2090 | E76: Misto | F76: Leve | G76: Quinzenal | H76: 2 | I76: =(D76*H76) -> 4180 | J76: =I76/1000 -> 4.18
B77: Rua das Flores | C77: 198 | D77: =C77*2 -> 396 | E77: Misto | F77: Leve | G77: Quinzenal | H77: 2 | I77: =(D77*H77) -> 792 | J77: =I77/1000 -> 0.792
D78: =SUM(D11:D77) -> 76874 | J78: =SUM(J11:J77) -> 153.748
B79: RELAÇÃO DE RUAS E AVENIDAS
B80: LOGRADOURO | C80: Extensão | D80: 4 lados da via | E80: Ocupação da via | F80: Tráfego | G80: Frequência de varrição | H80: Dia/mês | I80: Extensão varrida (m/mês) | J80: Extensão varrida (Km/mês)
B81: Av. Virginio Ferreira | C81: 1850 | D81: =C81*4 -> 7400 | E81: Comercial | F81: Leve | G81: Quinzenal | H81: 4 | I81: =(D81*H81) -> 29600 | J81: =I81/1000 -> 29.6
B82: Av. Gaspar Ries Coelho | C82: 1750 | D82: =C82*4 -> 7000 | E82: Comercial | F82: Leve | G82: Quinzenal | H82: 4 | I82: =(D82*H82) -> 28000 | J82: =I82/1000 -> 28
B83: Av. mato grosso do Sul | C83: 2500 | D83: =C83*4 -> 10000 | E83: Misto | F83: Leve | G83: Quinzenal | H83: 4 | I83: =(D83*H83) -> 40000 | J83: =I83/1000 -> 40
B84: Av. Marcio Lima Nantes | C84: 2450 | D84: =C84*4 -> 9800 | E84: Residencial | F84: Leve | G84: Quinzenal | H84: 4 | I84: =(D84*H84) -> 39200 | J84: =I84/1000 -> 39.2
B85: Av. presidente vargas | C85: 2000 | D85: =C85*4 -> 8000 | E85: Misto | F85: Leve | G85: Quinzenal | H85: 4 | I85: =(D85*H85) -> 32000 | J85: =I85/1000 -> 32
B86: Av. Otacilio Severo dos Santos | C86: 1100 | D86: =C86*4 -> 4400 | E86: Misto | F86: Leve | G86: Quinzenal | H86: 4 | I86: =(D86*H86) -> 17600 | J86: =I86/1000 -> 17.6
D87: =SUM(D81:D86) -> 46600 | J87: =SUM(J81:J86) -> 186.4
B88: RELAÇÃO DE RUAS E AVENIDAS CENTRO
B89: LOGRADOURO | C89: Extensão | D89: 2 lados da via | E89: Ocupação da via | F89: Tráfego | G89: Frequência de varrição | H89: Dia/mês | I89: Extensão varrida (m/mês) | J89: Extensão varrida (Km/mês)
B90: Rua delmira Bandeira | C90: 902 | D90: =C90*2 -> 1804 | E90: Comercial | F90: Leve | G90: Quinzenal | H90: 12 | I90: =(D90*H90) -> 21648 | J90: =I90/1000 -> 21.648
B91: Rua Antonio João | C91: 814 | D91: =C91*2 -> 1628 | E91: Comercial | F91: Leve | G91: Quinzenal | H91: 12 | I91: =(D91*H91) -> 19536 | J91: =I91/1000 -> 19.536
B92: Rua Antonio de Albuquerque | C92: 803 | D92: =C92*2 -> 1606 | E92: Comercial | F92: Leve | G92: Quinzenal | H92: 12 | I92: =(D92*H92) -> 19272 | J92: =I92/1000 -> 19.272
B93: Rua Filinto Muller | C93: 880 | D93: =C93*2 -> 1760 | E93: Comercial | F93: Leve | G93: Quinzenal | H93: 12 | I93: =(D93*H93) -> 21120 | J93: =I93/1000 -> 21.12
B94: Rua SN 1173 | C94: 88 | D94: =C94*2 -> 176 | E94: Comercial | F94: Leve | G94: Quinzenal | H94: 12 | I94: =(D94*H94) -> 2112 | J94: =I94/1000 -> 2.112
B95: Rua Miranda reis | C95: 880 | D95: =C95*2 -> 1760 | E95: Comercial | F95: Leve | G95: Quinzenal | H95: 12 | I95: =(D95*H95) -> 21120 | J95: =I95/1000 -> 21.12
B96: Rua Cel Ponce | C96: 660 | D96: =C96*2 -> 1320 | E96: Comercial | F96: Leve | G96: Quinzenal | H96: 12 | I96: =(D96*H96) -> 15840 | J96: =I96/1000 -> 15.84
B97: Rua Padre José Nunes Dias | C97: 1246 | D97: =C97*2 -> 2492 | E97: Comercial | F97: Leve | G97: Quinzenal | H97: 12 | I97: =(D97*H97) -> 29904 | J97: =I97/1000 -> 29.904
B98: Rua João pessoa | C98: 550 | D98: =C98*2 -> 1100 | E98: Comercial | F98: Leve | G98: Quinzenal | H98: 12 | I98: =(D98*H98) -> 13200 | J98: =I98/1000 -> 13.2
B99: Av. Marcio nantes da silva | C99: 330 | D99: =C99*2 -> 660 | E99: Comercial | F99: Leve | G99: Quinzenal | H99: 12 | I99: =(D99*H99) -> 7920 | J99: =I99/1000 -> 7.92
B100: Rua barão do rio Branco | C100: 220 | D100: =C100*2 -> 440 | E100: Comercial | F100: Leve | G100: Quinzenal | H100: 12 | I100: =(D100*H100) -> 5280 | J100: =I100/1000 -> 5.28
B101: Rua rio Grande do Sul | C101: 275 | D101: =C101*2 -> 550 | E101: Comercial | F101: Leve | G101: Quinzenal | H101: 12 | I101: =(D101*H101) -> 6600 | J101: =I101/1000 -> 6.6
... B105: Rua floriano peixoto | C105: 550 | D105: =C105*2 -> 1100 | E105: Comercial | F105: Leve | G105: Quinzenal | H105: 12 | I105: =(D105*H105) -> 13200 | J105: =I105/1000 -> 13.2
D106: =SUM(D90:D105) -> 19166 | J106: =SUM(J90:J105) -> 229.992
B107: TOTAL: | C107: =VARRIÇÃO!B110 -> 56969 | D107: =D106+D87+D78 -> 142640 | J107: =J106+J87+J78 -> 570.14
C113: M | D113: KM
B114: EXTENSÃO TOTAL DOS LOGRADOUROS | C114: =VARRIÇÃO!B110 -> 56969 | D114: =C114/1000 -> 56.969
B115: EXTENSÃO TOTAL DE SARGETAS | C115: =VARRIÇÃO!C110 -> 60125 | D115: =C115/1000 -> 60.125
B116: EXTENSÃO X LARGURA (0,5 METRO) | C116: =C115/2 -> 30062.5 | D116: =C116/1000 -> 30.0625
B117: FREQUÊNCIA DA CAPINA (TRIMESTRAL) | C117: =C116/3 -> 10020.833 | D117: =C117/1000 -> 10.020833
...

Sheet Encargos sociais

Sheet MEIO FIO
B1: PREFEITURA MUNICIPAL DE COXIM
B2: ESTADO DO MATO GROSSO DO SUL
B5: COMPOSIÇÃO PARA PINTURA DE MEIO FIO
B7: Objeto: Limpeza Pública Municipal
B9: RELAÇÃO DE RUAS E AVENIDAS/ PINTURA DE MEIO-FIO
B10: LOGRADOURO | C10: Extensão | D10: 2 Lados da via
B11: SÃO JUDAS TADEU
B12: Rua campo grande | C12: 297 | D12: =C12*2 -> 594
B13: Rua 13 de maio | C13: 385 | D13: =C13*2 -> 770
B14: Rua antonio mourão | C14: 462 | D14: =C14*2 -> 924
B15: Rua Padre João cripa | C15: 385 | D15: =C15*2 -> 770
B16: Rua SN 1087 | C16: 660 | D16: =C16*2 -> 1320
B17: Rua SN 1033 | C17: 132 | D17: =C17*2 -> 264
B18: Rua Pedro Fontoura | C18: 385 | D18: =C18*2 -> 770
B19: SILVIOLÂNDIA
B20: Rua Luiz gonzaga | C20: 1595 | D20: =C20*2 -> 3190
B21: MORADA SÃO PEDRO
B22: Rua Ceará | C22: 352 | D22: =C22*2 -> 704
B23: Rua Pernambuco | C23: 385 | D23: =C23*2 -> 770
B24: Rua rio Grande do Sul | C24: 407 | D24: =C24*2 -> 814
B25: Rua Paraiba | C25: 440 | D25: =C25*2 -> 880
B26: Rua Oscar serroy Camy | C26: 462 | D26: =C26*2 -> 924
B27: Rua Piaui | C27: 396 | D27: =C27*2 -> 792
B28: Rua Salvina Maria Carmo | C28: 440 | D28: =C28*2 -> 880
B29: Rua roraima | C29: 495 | D29: =C29*2 -> 990
B30: Rua mato Grosso do sul | C30: 506 | D30: =C30*2 -> 1012
B31: Travessa Santarem | C31: 71 | D31: =C31*2 -> 142
B32: Travesssa Recife | C32: 198 | D32: =C32*2 -> 396
B33: Travessa Goiania | C33: 71 | D33: =C33*2 -> 142
... B36: Travesa Belem | C36: 71 | D36: =C36*2 -> 142
B37: FLAVIO GARCIA
B38: Av. Costa e silva | C38: 1155 | D38: =C38*2 -> 2310
B39: Av Tancredo neves | C39: 1045 | D39: =C39*2 -> 2090
B40: Rua daniel Cesario | C40: 396 | D40: =C40*2 -> 792
B41: Rua Antonio Reis Coelho | C41: 495 | D41: =C41*2 -> 990
B42: Rua Afonso Costa campos | C42: 440 | D42: =C42*2 -> 880
B43: Rua Oscar Costa | C43: 770 | D43: =C43*2 -> 1540
B44: Rua 11 de abril | C44: 715 | D44: =C44*2 -> 1430
B45: Rua Cel Manoel Mariano | C45: 660 | D45: =C45*2 -> 1320
B46: Av. Presidente Castelo Branco | C46: 880 | D46: =C46*2 -> 1760
B47: Rua feliiciano Serrouy Camy | C47: 715 | D47: =C47*2 -> 1430
B48: Rua Oscar Serroy Camy | C48: 825 | D48: =C48*2 -> 1650
B49: Rua Salvina Maria Carmo | C49: 880 | D49: =C49*2 -> 1760
... B51: Rua Joaquim Cesario da Silva | C51: 407 | D51: =C51*2 -> 814
B52: PIRACEMA
B53: Rua ferreira | C53: 1100 | D53: =C53*2 -> 2200
B54: Rua Major Tomas Gonçalves | C54: 1100 | D54: =C54*2 -> 2200
B55: Rua Tres Lagoas | C55: 1100 | D55: =C55*2 -> 2200
B56: Rua São Paulo | C56: 1100 | D56: =C56*2 -> 2200
B57: Rua terenos | C57: 1100 | D57: =C57*2 -> 2200
B58: Rua Jose Pereira da Silva | C58: 495 | D58: =C58*2 -> 990
B59: Rua Fortaleza | C59: 495 | D59: =C59*2 -> 990
B60: Rua Pedro Gomes | C60: 495 | D60: =C60*2 -> 990
B61: Rua Porto Alegre | C61: 495 | D61: =C61*2 -> 990
B62: Rua Nioaque | C62: 495 | D62: =C62*2 -> 990
B63: Rua José antonio | C63: 495 | D63: =C63*2 -> 990
B64: Ru Bandeira | C64: 495 | D64: =C64*2 -> 990
... B68: Rua SN 1137 | C68: 770 | D68: =C68*2 -> 1540
B69: SENHOR DO DIVINO
B70: Av. Frei Cirino | C70: 2200 | D70: =C70*2 -> 4400
B71: Av. Pedro Pedrossian | C71: 1045 | D71: =C71*2 -> 2090
B72: Rua Pedro Aragão | C72: 880 | D72: =C72*2 -> 1760
B73: JD VISTA ALEGRE
B74: Av, João feliciano Bezerra | C74: 825 | D74: =C74*2 -> 1650
B75: JD AEREOPORTO
B76: Rua Gen Mendes Moraes | C76: 1595 | D76: =C76*2 -> 3190
B77: Av. Olivio Kohl | C77: 1045 | D77: =C77*2 -> 2090
B78: Rua das Flores | C78: 198 | D78: =C78*2 -> 396
D79: =SUM(D12:D78) -> 76874
B80: RELAÇÃO DE RUAS E AVENIDAS
B81: LOGRADOURO | C81: Extensão | D81: 4 lados da via
B82: Av. Virginio Ferreira | C82: 1850 | D82: =C82*4 -> 7400
B83: Av. Gaspar Ries Coelho | C83: 1750 | D83: =C83*4 -> 7000
B84: Av. mato grosso do Sul | C84: 2500 | D84: =C84*4 -> 10000
B85: Av. Marcio Lima Nantes | C85: 2450 | D85: =C85*4 -> 9800
B86: Av. presidente vargas | C86: 2000 | D86: =C86*4 -> 8000
B87: Av. Otacilio Severo dos Santos | C87: 1100 | D87: =C87*4 -> 4400
D88: =SUM(D82:D87) -> 46600
B89: RELAÇÃO DE RUAS E AVENIDAS CENTRO
B90: LOGRADOURO | C90: Extensão | D90: 2 lados da via
B91: Rua delmira Bandeira | C91: 902 | D91: =C91*2 -> 1804
B92: Rua Antonio João | C92: 814 | D92: =C92*2 -> 1628
B93: Rua Antonio de Albuquerque | C93: 803 | D93: =C93*2 -> 1606
B94: Rua Filinto Muller | C94: 880 | D94: =C94*2 -> 1760
B95: Rua SN 1173 | C95: 88 | D95: =C95*2 -> 176
B96: Rua Miranda reis | C96: 880 | D96: =C96*2 -> 1760
B97: Rua Cel Ponce | C97: 660 | D97: =C97*2 -> 1320
B98: Rua Padre José Nunes Dias | C98: 1246 | D98: =C98*2 -> 2492
B99: Rua João pessoa | C99: 550 | D99: =C99*2 -> 1100
B100: Av. Marcio nantes da silva | C100: 330 | D100: =C100*2 -> 660
B101: Rua barão do rio Branco | C101: 220 | D101: =C101*2 -> 440
B102: Rua rio Grande do Sul | C102: 275 | D102: =C102*2 -> 550
... B106: Rua floriano peixoto | C106: 550 | D106: =C106*2 -> 1100
D107: =SUM(D91:D106) -> 19166
B108: TOTAL: | C108: =VARRIÇÃO!B112 -> 0 | D108: =D107+D88+D79 -> 142640
B115: COMPRIMENTO TOTAL DE MEIO-FIO | D115: =VARRIÇÃO!C110*2 -> 120250
B116: PINTURA EXECUTADA 2X AO ANO NA CIDADE | C116: 2 | D116: =D115*C116 -> 240500
B127: _____________________________________ | C127: ______________________________
B128: Representante: Ag Promotor ou Tomador | C128: Resp. Téc Projeto e Orçamento
B130: Prefeito Municipal

Sheet LIMPEZA DE BUEIROS
A2: PREFEITURA MUNICIPAL DE COXIM
A3: ESTADO DO MATO GROSSO DO SUL
A6: COMPOSIÇÃO PARA LIMPEZA DE BOCA DE LOBO
A9: Objeto: Limpeza Pública Municipal
A11: QUANTITATIVO / LIMPEZA DE BOCA DE LOBO UND
A12: BOCA DE LOBO SIMPLES | B12: 200 | C12: =B12*1 -> 200
A13: BOCA DE LOBO DUPLA | B13: 90 | C13: =B13*2 -> 180
A14: BOCA DE LOBO TRIPLA | B14: 60 | C14: =B14*3 -> 180
A15: TOTAL | B15: =SUM(B12:B14) -> 350 | C15: =SUM(C12:C14) -> 560
A17: VOLUME DE UMA BLS (m³) | C17: 0,45*0,85*0,95 | D17: =0.45*0.85*0.95 -> 0.363375
A18: VOLUME TOTAL DE BLS DE COXIM | C18: =C15 -> 560 | D18: =D17*C18 -> 203.49
A19: VOLUME LIMPO MENSALMENTE | C19: 3 | D19: =D18/C19 -> 67.83
A20: BLS LIMPAS MENSALMENTE | C20: 3 | D20: =C18/C20 -> 186.66667
A21: BLS LIMPAS DIARIAMENTE | C21: 25 | D21: =D20/C21 -> 7.4666667
A22: NÚMERO DE FUNCIONÁRIOS NECESSÁRIO | D22: 3
A24: Para o dimensionamento da limpeza de boca de lobo, utilizamos o cálculo de 0,36m³ de volume por BLS. Sabendo que temos 930 BLS na cidade, teremos um total de 337,94m³ a serem limpos. Esse total será limpo em um trimestre, sendo então 112,65m³ mensalmente ou aproximadamente 310 BLS, ou cerca de 12 a 13 BLS serão limpas por dia. O que necessitará de 03 colaboradores.
A25: Obs: para efeito de cálculo foi feita a transformação de todas as bocas de lobo para boca de lobo simples, obedecendo as devidas prorporções.
A40: A-MÃO DE OBRA | D40: 3 | E40: =SUM(E41:E48) -> 4238.5891 | F40: =SUM(F41:F48) -> 12715.767
A41: DISCRIMINAÇÃO | B41: Quant/mês | D41: CUSTO UNIT | E41: CUSTO MENSAL | F41: TOTAL MENSAL
A42: Auxiliar de limpeza- Piso salarial- CCT MS000006/2025 | B42: 1 | D42: 1518 | E42: =B42*D42 -> 1518 | F42: =E42*3 -> 4554
A43: adicional de função | B43: 1 | D43: 320.67 | E43: =B43*D43 -> 320.67 | F43: =E43*3 -> 962.01
A44: adicional de insalubridade 40% | B44: 1 | D44: 607.2 | E44: =B44*D44 -> 607.2 | F44: =E44*3 -> 1821.6
A45: Vale alimentação | B45: 1 | D45: 360 | E45: 330 | F45: =E45*3 -> 990
A46: Benefício Social Familiar | B46: 1 | D46: 9.7 | E46: =B46*D46 -> 9.7 | F46: =E46*3 -> 29.1
A47: Prêmio Cesta básica | B47: 1 | D47: 97 | E47: =B47*D47 -> 97 | F47: =E47*3 -> 291
A48: Encargos Sociais | B48: 0.7375 | D48: =E42+E43 -> 1838.67 | E48: =B48*D48 -> 1356.0191 | F48: =E48*3 -> 4068.0574
A49: B-EPI'S PARA EQUIPE DE LIMPEZA DE BOCA DE LOBO | E49: =SUM(E51:E57) -> 147.95044 | F49: =SUM(F51:F57) -> 443.85131
A50: DISCRIMINAÇÃO | B50: QUANTIDADE | D50: CUSTO UNIT | E50: CUSTO MENSAL | F50: TOTAL MENSAL
A51: CAMISETA COM FAIXA REFLETIVA | B51: 0.5 | D51: =COTAÇÕES!P15 -> 64.79 | E51: =B51*D51 -> 32.395 | F51: =E51*3 -> 97.185
A52: CALÇA | B52: 0.5 | D52: =COTAÇÕES!P36 -> 57.015 | E52: =B52*D52 -> 28.5075 | F52: =E52*3 -> 85.5225
A53: BONÉ | B53: 0.5 | D53: =COTAÇÕES!P46 -> 15.055 | E53: =B53*D53 -> 7.5275 | F53: =E53*3 -> 22.5825
A54: BOTINAS | B54: 0.5 | D54: =COTAÇÕES!P51 -> 48.3025 | E54: =B54*D54 -> 24.15125 | F54: =E54*3 -> 72.45375
A55: LUVA PIGMENTADA | B55: 8 | D55: =COTAÇÕES!P56 -> 4.6725 | E55: =B55*D55 -> 37.38 | F55: =E55*3 -> 112.14
A56: CAPA DE CHUVA | B56: 0.1667 | D56: =COTAÇÕES!P61 -> 25.625 | E56: =B56*D56 -> 4.2716875 | F56: =E56*3 -> 12.815062
A57: PROTETOR SOLAR FATOR 30 | B57: 1 | D57: =COTAÇÕES!P121 -> 13.7175 | E57: =B57*D57 -> 13.7175 | F57: =E57*3 -> 41.1525
A58: C-FERRAMENTAS | D58: MENSAL | E58: =SUM(E60:E65) -> 490.1375 | F58: =SUM(F60:F65) -> 1470.4125
A59: DISCRIMINAÇÃO | B59: UND | C59: QUANT | D59: R$ UNIT | E59: R$ TOTAL | F59: R$ TOTAL
A60: Pá quadrada com cabo | B60: UND | C60: 1 | D60: =COTAÇÕES!P76 -> 56.795 | E60: =C60*D60 -> 56.795 | F60: =E60*3 -> 170.385
A61: Pá de bico com cabo | B61: UND | C61: 1 | D61: =COTAÇÕES!P81 -> 60.81 | E61: =C61*D61 -> 60.81 | F61: =E61*3 -> 182.43
A62: Vassourão com cabo | B62: UND | C62: 1 | D62: =COTAÇÕES!P86 -> 45.02 | E62: =C62*D62 -> 45.02 | F62: =E62*3 -> 135.06
A63: Rastelo de jardim | B63: UND | C63: 1 | D63: =COTAÇÕES!P91 -> 30.8875 | E63: =C63*D63 -> 30.8875 | F63: =E63*3 -> 92.6625
A64: Enxada com cabo | B64: UND | C64: 1 | D64: =COTAÇÕES!P96 -> 58.365 | E64: =C64*D64 -> 58.365 | F64: =E64*3 -> 175.095
A65: Carrinho de mão | B65: UND | C65: 1 | D65: =COTAÇÕES!P101 -> 238.26 | E65: =C65*D65 -> 238.26 | F65: =E65*3 -> 714.78
A66: D-CUSTO DIRETO TOTAL A+B+C | D66: MENSAL | E66: =SUM(E68:E70) -> 4876.6771 | F66: =SUM(F68:F70) -> 14630.031
A67: DISCRIMINAÇÃO | C67: QUANT | D67: R$ UNIT | E67: R$ TOTAL | F67: R$ TOTAL
A68: A-MÃO DE OBRA | C68: 1 | D68: =E40 -> 4238.5891 | E68: =C68*D68 -> 4238.5891 | F68: =E68*3 -> 12715.767
A69: B-EPI'S PARA EQUIPE DE CAPINA | C69: 1 | D69: =E49 -> 147.95044 | E69: =C69*D69 -> 147.95044 | F69: =E69*3 -> 443.85131
A70: C-FERRAMENTAS | C70: 1 | D70: =E58 -> 490.1375 | E70: =C70*D70 -> 490.1375 | F70: =E70*3 -> 1470.4125
A72: BUEIRO | B72: LIMPEZA DE BOCA DE LOBO
A73: DISCRIMINAÇÃO | E73: UNID | F73: TOTAL
A74: TOTAL GERAL MENSAL | E74: R$ | F74: =F66 -> 14630.031
A75: UNIDADES MENSAL DE LIMPEZA DE BOCA DE LOBO | D75: 310 | E75: UND | F75: =ROUND(F74/I75,2) -> 47.19 | I75: 310
A76: UNIDADES ANUAL DE LIMPEZA DE BOCA DE LOBO (X12) | D76: =D75*12 -> 3720 | E76: UND | F76: =F75 -> 47.19
A77: ='MEIO FIO'!B122 -> 0
D78: VAZIO
A82: _____________________________________ | B82: ______________________________
A83: Representante: Ag Promotor ou Tomador | B83: Resp. Téc Projeto e Orçamento
A85: Prefeito Municipal
A105: Sonora MS, 20 de março de 2023.
D106: VAZIO
A108: _____________________________________ | C108: ______________________________
A109: Representante: Ag Promotor ou Tomador | C109: Resp. Téc Projeto e Orçamento
A110: Enelto Ramos da Silva | C110: Eduardo Pereira Duarte
A111: Prefeito Municipal | C111: Engenheiro Civil CREA 030032 D MT

Sheet PODA DE GRAMA
A2: PREFEITURA MUNICIPAL DE COXIM
A3: ESTADO DO MATO GROSSO DO SUL
A6: COMPOSIÇÃO PARA CORTE DE GRAMA
A8: Objeto: Limpeza Pública Municipal
A10: ÁREAS PÚBLICAS PARA CORTE DE GRAMA
A11: ÁREA PRAÇAS PUBLICAS
A12: PRAÇA | B12: M²
A13: FRANCISCO MENDES DA ROCHA | B13: 4126
A14: HERVÊ MENDES FONTOURA | B14: 6497
A15: AMANCIO ABRÃO DUARTE | B15: 644
A16: NOÊMIA SERROU CAMY DE ARAUJO | B16: 7129
A17: SÍLVIO FERREIRA | B17: 3858
A18: ZACARIAS MOURÃO | B18: 2724
A19: FREDERICO FERNANDES DE ALMEIDA | B19: 3389
A20: JOÃO FERREIRA DE ALBUQUERQUE | B20: 6036
A21: PRAÇA DOS NORDESTINOS | B21: 684
A22: ARANTO PEREIRA DA SILVA | B22: 28200
A23: FREI GILBERTO MOTTER | B23: 2121
A24: OSWALDO MOCHI | B24: 2834
... A31: PRACA SILVIOLANDIA | B31: 751
A32: TOTAL | B32: =SUM(B13:B31)*0.25 -> 24360.5
A34: ÁREAS PUBLICAS EDUCAÇÃO
A35: EDUCAÇÃO | B35: M²
A47: TOTAL ÁREA
A48: (TOTAL ÁREA) - (EDIFICAÇÕES) | B48: =B47*0.35 -> 0
A49: OBS: FORAM ESTIMAS 50% DAS ÁREAS PARA ROÇADA E PODA CONSIDERANDO ASSIM QUE TODOS OS TERRENOS DE PRÉDIOS PUBLICOS POSSUEM EDIFICAÇÕES
A51: ÁREAS PRÉDIOS ASSISTÊNCIA SOCIAL
A52: ASSISTENCIA SOCIAL | B52: M²
A53: REABILITAR | B53: 1145
A54: CRAS E PRAÇA NOVA COXIM | B54: 2706
A55: CRAS SENHOR DIVINO | B55: 1420
A56: CREAS - CENTRO | B56: 612
A57: SEC ASSISTENCIA SOCIAL | B57: 847
A58: TOTAL ÁREA | B58: =SUM(B53:B57) -> 6730
A59: (TOTAL ÁREA) - (EDIFICAÇÕES) | B59: =B58*0.25 -> 1682.5
A60: OBS: FORAM ESTIMAS 50% DAS ÁREAS PARA ROÇADA E PODA CONSIDERANDO ASSIM QUE TODOS OS TERRENOS DE PRÉDIOS PUBLICOS POSSUEM EDIFICAÇÕES
A63: ÁREAS PREDIOS DA SAÚDE
A64: SAÚDE | B64: M²
A65: PSF ILDA MARIA KHOL | B65: 757
A66: PSF TOTÓ ARAUJO | B66: 2058
A67: PSF DR MANUEL GASPAR MANSO PERES | B67: 783
A68: HOSPITAL REGIONAL | B68: 21783
A69: PSF NO BAIRRO FLAVIO GARCIA | B69: 926
A70: PSF FLÁVIO GARCIA - BAIRRO SENHOR DIVINO | B70: 1073
A71: PSF ILDA APARECIDA COMETKI SÃO JOSÉ | B71: 1732
A72: SEC SAUDE, POLICLINICA E SAE | B72: 5111
A73: PSF ALGEMIRO BARBOSA | B73: 661
A74: EXTENÇÃO PSF VILA MARIANA | B74: 3113
A75: PSF MARECHAL RONDOM | B75: 839
A76: VIGILANCIA SANITARIA | B76: 1035
... A79: CAPS | B79: 2236
A80: TOTAL ÁREA | B80: =SUM(B65:B79) -> 44795
A81: (TOTAL ÁREA) - (EDIFICAÇÕES) | B81: =B80*0.25 -> 11198.75
A82: OBS: FORAM ESTIMAS 50% DAS ÁREAS PARA ROÇADA E PODA CONSIDERANDO ASSIM QUE TODOS OS TERRENOS DE PRÉDIOS PUBLICOS POSSUEM EDIFICAÇÕES
A85: DEMAIS ÁREAS PUBLICAS DO MUNICIPIO
A86: OUTRAS ÁREAS | B86: M²
A87: PREFEITURA VELHA | B87: 2424
A88: CAMARA MUNICIPAL E PROCON | B88: 5399
A89: CENTRO DE EVENTOS E 3 QUADRAS MUNICIPIO | B89: 23455
A90: CANIL E ANTIGA USINA PMF | B90: 5768
A91: GINASIO FERNANDO FONTOURA | B91: 14466
A92: ESTADIO UNICIPAL | B92: 27596
A93: MERCADO PRODUTOR | B93: 7216
A94: AREA AO LADO CAPS | B94: 3947
A95: GINASIO ADEMIR MOQUI | B95: 4224
A96: SECRETARIA OBRAS | B96: 11433
A97: AREA QUADRA SINTETICA PEQUI E QUADRAS | B97: 5704
A98: PREDIO PROJETO SOL NASCENTE SILVIOLANDIA | B98: 1678
A99: PREFEITURA NOVA | B99: 2512
A100: TOTAL ÁREA | B100: =SUM(B87:B99) -> 115822
A101: (TOTAL ÁREA) - (EDIFICAÇÕES) | B101: =B100*0.25 -> 28955.5
A102: OBS: FORAM ESTIMAS 50% DAS ÁREAS PARA ROÇADA E PODA CONSIDERANDO ASSIM QUE TODOS OS TERRENOS DE PRÉDIOS PUBLICOS POSSUEM EDIFICAÇÕES
A105: AVENIDAS | B105: M²
A106: VIRGINIA FERREIRA | B106: =14000*0.25 -> 3500
A107: sn 1087 | B107: =762*0.5 -> 381
A108: joao feliciano bezerra | B108: =1813*0.5 -> 906.5
A109: MATO GROSSO DO SUL
A110: MÁRCIO LIMA NANTES
A111: PRESIDENTE VARGAS
A112: OTACILIO SEVERO DOS SANTOS
A113: TOTAL ÁREA | B113: =SUM(B106:B112) -> 4787.5
B114: =B113++B81+B59+B48+B32 -> 42029.25
A115: 4 x ANO | B115: =B114*4 -> 168117
A118: quant mensal(m2) | B118: 25 dias trabalhados por mês(m2) | C118: Produção diária de 800 m2/dia/roçador
A119: =B115/12 -> 14009.75 | B119: =A119/25 -> 560.39 | C119: 500 | E119: =B119/C119 -> 1.12078 | F119: 4 roçadores
B121: EQUIPAMENTO MÊS
B122: TIPO DO SERVIÇO | E122: CORTE DE GRAMA
B123: UNIDADE DE MEDIDA | E123: m²
B124: QUANTIDADE MENSAL A CONTRATAR | C124: =C83 -> 0 | E124: =D84 -> 0
B125: EXTENSÃO PONDERADA DE METRAGEM A CORTAR (M²/DIA) | C125: 25 | E125: =E124/C125 -> 0
B126: QUANTIDADE DE OPERADORES DE ROÇADEIRA | C126: 600 | E126: =E125/C126 -> 0
B127: ROÇADEIRA
B128: QUANTIDADE DE ROÇADEIRAS | E128: 4
B129: CUSTO UNITÁRIO DA ROÇADEIRA | C129: R$ | E129: =COTAÇÕES!P66 -> 2336.5
B130: VIDA ÚTIL (MESES) | C130: 36 | E130: =E129/C130 -> 64.902778
B131: FATOR DE MANUTENÇÃO | C131: 0.05 | E131: =E129*C131 -> 116.825
B132: CUSTO MENSAL DAS ROÇADEIRAS | E132: =E128*(E130+E131) -> 726.91111
B133: DESPESAS DE EQUIPAMENTO
B134: COMBUSTIVEL (l) | C134: 1 | D134: =COTAÇÕES!P126 -> 6.1166667 | E134: =C134*D134 -> 6.1166667
B135: FIO PARA CORTE (M) | C135: 2 | D135: =COTAÇÕES!N71 -> 1 | E135: =C135*D135 -> 2
...

Sheet  PODA DE ÁRVORE
A2: PREFEITURA MUNICIPAL DE COXIM
A3: ESTADO DO MATO GROSSO DO SUL
A6: MEMÓRIA DE CÁCULO DE PODA DE ÁRVORES
A8: Objeto: Limpeza Pública Municipal
A10: QUANTITATIVO /PODA DE ARVORE E CERCA VIVA UND
A11: Praças públicas | B11: 443
A12: Av. Virginia Ferreira | B12: 33
A13: Prédios publicos | B13: 17
A14: Ruas e avenidas de grande fluxo | B14: 500
A15: TOTAL | B15: =SUM(B11:B14) -> 993
A18: TOTAL DE ÁRVORES A SEREM PODADAS | C18: =B15 -> 993
A19: NÚMERO DE VEZES PODADA AO ANO | B19: 2 | C19: =C18*B19 -> 1986
A20: TOTAL DE ÁRVORES A SEREM PODADAS AO MÊS | B20: 12 | C20: =C19/B20 -> 165.5
A22: Foi levantado em campo o quantitativo de árvores a serem podadas em Coxim, e o total é de 1428 unidades. Sabendo que a poda é feita duas vezes ao ano esse total passa a ser de 2.856 unidades, dividido-se por doze meses, temos um número de 238 árvores podadas ao mês.
A25: ='PODA DE GRAMA'!B187 -> 0
D26: VAZIO
A30: _____________________________________ | B30: ______________________________
A31: Representante: Ag Promotor ou Tomador | B31: Resp. Téc Projeto e Orçamento
A33: Prefeito Municipal

Sheet COTAÇÕES
F1: PREFEITURA MUNICIPAL DE COXIM
F2: ESTADO DO MATO GROSSO DO SUL
F4: COTAÇÕES DE MATERIAIS
F6: Objeto: Limpeza Pública Municipal
B9: COTAÇÃO MARÇO/2023
A10: COT 01 | B10: CARRINHO 100 LITROS PARA VARRIÇÂO | L10: =(B13+D13+F13+H13+J13+L13)/4 -> 1151.455 | P10: =L10 -> 1151.455
P11: =L11 -> 0
B12: Lojas Americanas | D12: Tna Plast | F12: Gadotti | H12: Mercado Livre | P12: =L12 -> 0
B13: 1199 | D13: 1524.82 | F13: 849 | H13: 1033 | P13: =L13 -> 0
P14: =L14 -> 0
A15: COT 02 | B15: CAMISETA COM FAIXA REFLETIVA | L15: =(B18+D18+F18+H18+J18+L18)/4 -> 64.79 | P15: =L15 -> 64.79
P16: =L16 -> 0
B17: HM uniformes | D17: Super EPI | F17: Magazine Luiza | H17: Mercado Livre | P17: =L17 -> 0
B18: 52.9 | D18: 79.94 | F18: 57.12 | H18: 69.2 | P18: =L18 -> 0
P19: =L19 -> 0
A20: COT 03 | B20: CINTO DE ROÇADEIRA | L20: =(B23+D23+F23+H23+J23+L23)/4 -> 61.915 | P20: =L20 -> 61.915
P21: =L21 -> 0
B22: Carrefour | D22: Mazine Luiza | F22: Mercado das Peças | H22: Casas Bahia | P22: =L22 -> 0
B23: 56.91 | D23: 58.07 | F23: 69.8 | H23: 62.88 | P23: =L23 -> 0
P24: =L24 -> 0
P25: =L25 -> 0
A26: COT 05 | B26: PERNEIRA | L26: =(B29+D29+F29+H29+J29+L29)/4 -> 41.1725 | P26: =L26 -> 41.1725
P27: =L27 -> 0
B28: Mercado livre | D28: Super Epi | F28: Loja Alta Montanha | H28: Spots Adventure | P28: =L28 -> 0
B29: 40.88 | D29: 41.19 | F29: 42.21 | H29: 40.41 | P29: =L29 -> 0
P30: =L30 -> 0
A31: COT 06 | B31: ÓCULOS DE PROTEÇÃO | L31: =(B34+D34+F34+H34+J34+L34)/4 -> 6.0325 | P31: =L31 -> 6.0325
P32: =L32 -> 0
B33: Pontal Mat. Construção | D33: Casas Bahia | F33: Magazine Luiza | H33: Lojas Americanas | P33: =L33 -> 0
B34: 6.65 | D34: 7.72 | F34: 5.76 | H34: 4 | P34: =L34 -> 0
P35: =L35 -> 0
A36: COT 07 | B36: CALÇA | L36: =(B39+D39+F39+H39+J39+L39)/4 -> 57.015 | P36: =L36 -> 57.015
P37: =L37 -> 0
B38: HM uniformes | D38: Lojas Zeus do Brasil | F38: Loja Bordo | H38: Loja Canal Agric. | P38: =L38 -> 0
B39: 52.9 | D39: 64.9 | F39: 56.46 | H39: 53.8 | P39: =L39 -> 0
P40: =L40 -> 0
A41: COT 08 | B41: BERMUDA | L41: =(B44+D44+F44+H44+J44+L44)/4 -> 49.4 | P41: =L41 -> 49.4
P42: =L42 -> 0
B43: Mazine Luiza | D43: Lojas Zeus do Brasil | F43: Mercado Livre | H43: HM uniforme | P43: =L43 -> 0
B44: 49.9 | D44: 52.9 | F44: 57.9 | H44: 36.9 | P44: =L44 -> 0
P45: =L45 -> 0
A46: COT 09 | B46: BONÉ | L46: =(B49+D49+F49+H49+J49+L49)/4 -> 15.055 | P46: =L46 -> 15.055
P47: =L47 -> 0
B48: Super EPI | D48: Lojas 360 | F48: Lojas Zeus do Brasil | H48: Fast Epis | P48: =L48 -> 0
B49: 15.71 | D49: 14.5 | F49: 14.9 | H49: 15.11 | P49: =L49 -> 0
P50: =L50 -> 0
A51: COT 10 | B51: BOTINAS | L51: =(B54+D54+F54+H54+J54+L54)/4 -> 48.3025 | P51: =L51 -> 48.3025
P52: =L52 -> 0
B53: Lojas 360 | D53: RR Abrasivos | F53: WF Epi | H53: Mazine Luiza | P53: =L53 -> 0
B54: 48.9 | D54: 45.92 | F54: 49.9 | H54: 48.49 | P54: =L54 -> 0
P55: =L55 -> 0
A56: COT 11 | B56: LUVA PIGMENTADA | L56: =(B59+D59+F59+H59+J59+L59)/4 -> 4.6725 | P56: =L56 -> 4.6725
P57: =L57 -> 0
B58: Mazine Luiza | D58: Construlare | F58: Leroy | H58: Mercado Livre | P58: =L58 -> 0
B59: 5 | D59: 4.5 | F59: 3.5 | H59: 5.69 | P59: =L59 -> 0
P60: =L60 -> 0
A61: COT 12 | B61: CAPA DE CHUVA | L61: =(B64+D64+F64+H64+J64+L64)/4 -> 25.625 | P61: =L61 -> 25.625
P62: =L62 -> 0
B63: Lojas 360 | D63: Lojas Kennedy | F63: Super Campo | H63: Hiperfer | P63: =L63 -> 0
B64: 28.99 | D64: 25.99 | F64: 22.59 | H64: 24.93 | P64: =L64 -> 0
P65: =L65 -> 0
A66: COT 13 | B66: ROÇADEIRA COSTAL | L66: =(B69+D69+F69+H69+J69+L69)/4 -> 2336.5 | P66: =L66 -> 2336.5
P67: =L67 -> 0
B68: Mazine Luiza | D68: Lojas Americanas | F68: Mercado Livre | H68: Agro e jardim | P68: =L68 -> 0
B69: 2499 | D69: 2499 | F69: 2199 | H69: 2149 | P69: =L69 -> 0
P70: =L70 -> 0
A71: COT 14 | B71: FIO NYLON / METRO | L71: =(B74+D74+F74+H74+J74+L74)/4 -> 1 | N71: =L71 -> 1 | P71: =L71 -> 1
P72: =L72 -> 0
B73: Mazine Luiza | D73: Deposito Central | F73: Mercado Livre | H73: Minas Ferramentas | P73: =L73 -> 0
B74: 0.74 | D74: 0.9 | F74: 0.95 | H74: 1.41 | P74: =L74 -> 0
P75: =L75 -> 0
A76: COT 15 | B76: PA QUADRA DA COM CABO | L76: =(B79+D79+F79+H79+J79+L79)/4 -> 56.795 | P76: =L76 -> 56.795
P77: =L77 -> 0
B78: Martineli | D78: Magazine Luiza | F78: Telhanorte | H78: Tramontina | P78: =L78 -> 0
B79: 55.23 | D79: 54.15 | F79: 62.9 | H79: 54.9 | P79: =L79 -> 0
P80: =L80 -> 0
A81: COT 16 | B81: PA DE BICO DA COM CABO | L81: =(B84+D84+F84+H84+J84+L84)/4 -> 60.81 | P81: =L81 -> 60.81
P82: =L82 -> 0
B83: Elastobor | D83: Toca Obra | F83: Loja do Agronegocio | H83: Mercado Livre | P83: =L83 -> 0
B84: 59.9 | D84: 65.8 | F84: 59.99 | H84: 57.55 | P84: =L84 -> 0
P85: =L85 -> 0
A86: COT 17 | B86: VASSOURÃO | L86: =(B89+D89+F89+H89+J89+L89)/4 -> 45.02 | P86: =L86 -> 45.02
P87: =L87 -> 0
B88: Anhaguera Ferramentas | D88: LF Ferramentas | F88: Carrefour | H88: E limpou | P88: =L88 -> 0
B89: 45 | D89: 40.75 | F89: 50.53 | H89: 43.8 | P89: =L89 -> 0
P90: =L90 -> 0
A91: COT 18 | B91: VASSOURA PARA JARDIM | L91: =(B94+D94+F94+H94+J94+L94)/4 -> 30.8875 | P91: =L91 -> 30.8875
P92: =L92 -> 0
B93: Mercado Livre | D93: Gabi Casa | F93: Magazine Luiza | H93: Carrefour | P93: =L93 -> 0
B94: 33.9 | D94: 32.5 | F94: 28.97 | H94: 28.18 | P94: =L94 -> 0
P95: =L95 -> 0
A96: COT 19 | B96: ENXADA | L96: =(B99+D99+F99+H99+J99+L99)/4 -> 58.365 | P96: =L96 -> 58.365
P97: =L97 -> 0
B98: Americanas | D98: Leroy | F98: Magazine Luiza | H98: Casas Bahia | P98: =L98 -> 0
B99: 56.35 | D99: 59.49 | F99: 55 | H99: 62.62 | P99: =L99 -> 0
P100: =L100 -> 0
A101: COT 21 | B101: CARRINHO DE MAO | L101: =(B104+D104+F104+H104+J104+L104)/4 -> 238.26 | P101: =L101 -> 238.26
P102: =L102 -> 0
B103: Resseg | D103: Leroy | F103: Magazine Luiza | H103: Americanas | P103: =L103 -> 0
B104: 224.91 | D104: 219.19 | F104: 249.98 | H104: 258.96 | P104: =L104 -> 0
...

Sheet VEÍCULOS
A1: PREFEITURA MUNICIPAL DE COXIM
A2: ESTADO DO MATO GROSSO DO SUL
A4: COMPOSIÇÃO DE VEÍCULOS
A6: Objeto: Limpeza Pública Municipal
A8: 01/A- Veículo caminhão caçamba/carga seca
A9: 01/A | B9: CAMINHÃO CACAMBA/CARGA SECA | F9: =F12 -> 5833.3333
A10: ITEM | B10: DISCRIMINAÇÃO | C10: UNIDADE | D10: QUANT | E10: R$ UNIT | F10: R$ TOTAL
A11: 01 | B11: Custo de aquisição do veículo | C11: UND | D11: 1 | E11: 350000 | F11: =D11*E11 -> 350000
A12: 02 | B12: Depreciação do bem (60 meses) | C12: % | D12: 60 | E12: =E11 -> 350000 | F12: =E12/D12 -> 5833.3333
A14: 02/A- Utilitário 15 lugares
A15: 02/A | B15: VEICULO P/ TRANSPORTE DE PESSOAS | F15: =F18 -> 4668.7
A16: ITEM | B16: DISCRIMINAÇÃO | C16: UNIDADE | D16: QUANT | E16: R$ UNIT | F16: R$ TOTAL
A17: 01 | B17: Custo de aquisição do veículo | C17: UND | D17: 1 | E17: =COTAÇÕES!P176 -> 280122 | F17: =D17*E17 -> 280122
A18: 02 | B18: Depreciação do bem (60 meses) | C18: % | D18: 60 | E18: =E17 -> 280122 | F18: =E18/D18 -> 4668.7
A20: 01/B- Remuneração do capital investido
A21: 01/B | B21: CAMINHÃO CACAMBA/CARGA SECA | F21: =F24 -> 1750
A22: ITEM | B22: DISCRIMINAÇÃO | C22: UNIDADE | D22: QUANT | E22: R$ UNIT | F22: R$ TOTAL
A23: 01 | B23: Custo de aquisição do veículo | C23: UND | D23: 1 | E23: =E11 -> 350000 | F23: =D23*E23 -> 350000
A24: 02 | B24: Remuneração mensal de capital | C24: % | D24: 0.5 | E24: =E11 -> 350000 | F24: =E24*0.5% -> 1750
A26: 02/B- Remuneração do capital investido
A27: 02/B | B27: VEICULO P/ TRANSPORTE DE PESSOAS | F27: =F30 -> 1400.61
A28: ITEM | B28: DISCRIMINAÇÃO | C28: UNIDADE | D28: QUANT | E28: R$ UNIT | F28: R$ TOTAL
A29: 01 | B29: Custo de aquisição do veículo | C29: UND | D29: 1 | E29: =E17 -> 280122 | F29: =D29*E29 -> 280122
A30: 02 | B30: Remuneração mensal de capital | C30: % | D30: 0.5 | E30: =E29 -> 280122 | F30: =E30*0.5% -> 1400.61
A32: 01/C- Impostos e Seguros
A33: 01/C | B33: CAMINHÃO CACAMBA/CARGA SECA | F33: =ROUND(F39,2) -> 2770.83 | J33: =E11 -> 350000 | M33: 1958.1954
A34: ITEM | B34: DISCRIMINAÇÃO | C34: UNIDADE | D34: QUANT | E34: R$ UNIT | F34: R$ TOTAL | M34: R$ TOTAL
A35: 01 | B35: IPVA | C35: UND | D35: 1 | E35: 0.03 | F35: =ROUND($J$33*E35,2) -> 10500 | M35: 7420.53
A36: 02 | B36: Seguro | C36: UND | D36: 1 | E36: 0.01 | F36: =ROUND($J$33*E36,2) -> 3500 | M36: 2473.51
A37: 03 | B37: Licenciamento | C37: UND | D37: 1 | E37: 0.005 | F37: =ROUND($J$33*E37,2) -> 1750 | M37: 1236.755
A38: 03 | B38: Seguro contra terceiros | C38: UND | D38: 1 | E38: 0.05 | F38: =ROUND($J$33*E38,2) -> 17500 | M38: 12367.55
A39: 04 | B39: Impostos e seguros mensais | C39: MÊS | D39: 12 | F39: =SUM(F35:F38)/12 -> 2770.8333 | M39: 1958.1954
A41: 02/C- Impostos e Seguros
A42: 02/C | B42: VEICULO P/ TRANSPORTE DE PESSOAS | F42: =ROUND(F48,2) -> 2217.63 | J42: =E17 -> 280122 | M42: 568.36125
A43: ITEM | B43: DISCRIMINAÇÃO | C43: UNIDADE | D43: QUANT | E43: R$ UNIT | F43: R$ TOTAL | M43: R$ TOTAL
A44: 01 | B44: IPVA | C44: UND | D44: 1 | E44: 0.03 | F44: =$J$42*E44 -> 8403.66 | M44: 2153.79
A45: 02 | B45: Seguro | C45: UND | D45: 1 | E45: 0.01 | F45: =$J$42*E45 -> 2801.22 | M45: 717.93
A46: 03 | B46: Licenciamento | C46: UND | D46: 1 | E46: 0.005 | F46: =$J$42*E46 -> 1400.61 | M46: 358.965
A47: 03 | B47: Seguro contra terceiros | C47: UND | D47: 1 | E47: 0.05 | F47: =$J$42*E47 -> 14006.1 | M47: 3589.65
A48: 04 | B48: Impostos e seguros mensais | C48: MÊS | D48: 12 | F48: =SUM(F44:F47)/12 -> 2217.6325 | M48: 568.36125
A50: 01/D- Consumos
A51: 01/D | B51: CAMINHÃO CACAMBA/CARGA SECA | F51: =(F54+F56) -> 3561.8
A52: ITEM | B52: DISCRIMINAÇÃO | C52: UNIDADE | D52: QUANT | E52: R$ UNIT | F52: R$ TOTAL
A53: 01 | B53: Custo do óleo Diesel/Km rodado | C53: km/l | D53: 0.33 | E53: =COTAÇÕES!L131 -> 6.3066667 | F53: =D53*E53 -> 2.0812
A54: 02 | B54: Custo mensal com óleo Diesel | C54: km | D54: 1500 | E54: =F53 -> 2.0812 | F54: =D54*E54 -> 3121.8
A55: 03 | B55: Custo de óleo de motor/1000 km rodado | C55: l/1000 km | D55: 10 | E55: =COTAÇÕES!L141 -> 29.333333 | F55: =D55*E55/1000 -> 0.29333333
A56: 03 | B56: custo mensal com óleo de motor | C56: km | D56: 1500 | E56: =F55 -> 0.29333333 | F56: =D56*E56 -> 440
A58: 02/D- Consumos
A59: 02/D | B59: VEICULO P/ TRANSPORTE DE PESSOAS | F59: =(F62+F64) -> 1837.8
A60: ITEM | B60: DISCRIMINAÇÃO | C60: UNIDADE | D60: QUANT | E60: R$ UNIT | F60: R$ TOTAL
A61: 01 | B61: Custo do óleo Diesel/Km rodado | C61: km/l | D61: 0.15 | E61: =COTAÇÕES!L131 -> 6.3066667 | F61: =D61*E61 -> 0.946
A62: 02 | B62: Custo mensal com óleo Diesel | C62: km | D62: 1500 | E62: =F61 -> 0.946 | F62: =D62*E62 -> 1419
A63: 03 | B63: Custo de óleo de motor/1000 km rodado | C63: l/1000 km | D63: 8 | E63: 34.9 | F63: =D63*E63/1000 -> 0.2792
A64: 03 | B64: custo mensal com óleo de motor | C64: km | D64: 1500 | E64: =F63 -> 0.2792 | F64: =D64*E64 -> 418.8
A66: 01/E-Manutenção
A67: 01/E | B67: CAMINHÃO CACAMBA/CARGA SECA | F67: =F71 -> 5833.3333
A68: ITEM | B68: DISCRIMINAÇÃO | C68: UNIDADE | D68: QUANT | E68: R$ UNIT | F68: R$ TOTAL
A69: 01 | B69: Custo de aquisição do veículo | C69: UND | D69: 1 | E69: =E11 -> 350000 | F69: =E69 -> 350000
A70: 02 | B70: Custo est. De manutenção (5 anos) | C70: UND | D70: 0.5 | E70: =F69 -> 350000 | F70: =D70*E70 -> 175000
A71: 03 | B71: Custo est. De manutenção mensal | C71: mês | D71: 1 | E71: =E70/60 -> 5833.3333 | F71: =E71 -> 5833.3333
A73: 02/E-Manutenção
A74: 02/E | B74: VEICULO P/ TRANSPORTE DE PESSOAS | F74: =F78 -> 4668.7
A75: ITEM | B75: DISCRIMINAÇÃO | C75: UNIDADE | D75: QUANT | E75: R$ UNIT | F75: R$ TOTAL
A76: 01 | B76: Custo de aquisição do veículo | C76: UND | D76: 1 | E76: =E17 -> 280122 | F76: =E76 -> 280122
A77: 02 | B77: Custo est. De manutenção (5 anos) | C77: UND | D77: 0.5 | E77: =F76 -> 280122 | F77: =D77*E77 -> 140061
A78: 03 | B78: Custo est. De manutenção mensal | C78: mês | D78: 1 | E78: =E77/60 -> 4668.7 | F78: =E78 -> 4668.7
A80: 01/F-Pneus e câmaras
A81: 01/F | B81: CAMINHÃO CACAMBA/CARGA SECA | F81: =F87 -> 466.10269
A82: ITEM | B82: DISCRIMINAÇÃO | C82: UNIDADE | D82: QUANT | E82: R$ UNIT | F82: R$ TOTAL
A83: 01 | B83: Custo de pneu 1000/20 | C83: UND | D83: 6 | E83: =COTAÇÕES!P146 -> 1897.5975 | F83: =D83*E83 -> 11385.585
A84: 02 | B84: Custo câmara de ar 1000/20 | C84: UND | D84: 6 | E84: =COTAÇÕES!P156 -> 86.985 | F84: =D84*E84 -> 521.91
A85: 03 | B85: Custo de protetor de câmara 1000/20 | C85: UND | D85: 6 | E85: =COTAÇÕES!P156 -> 86.985 | F85: =D85*E85 -> 521.91
A86: 04 | B86: Custo de jogo completo de rodado | C86: KM/jogo | D86: 40000 | E86: =F83+F84+F85 -> 12429.405 | F86: =E86/D86 -> 0.31073512
A87: 05 | B87: Custo mensal com rodado | C87: mês | D87: 1500 | E87: =F86 -> 0.31073512 | F87: =D87*E87 -> 466.10269
A89: 02/F-Pneus e câmaras
A90: 02/F | B90: VEICULO P/ TRANSPORTE DE PESSOAS | F90: =F95 -> 96.44325
A91: ITEM | B91: DISCRIMINAÇÃO | C91: UNIDADE | D91: QUANT | E91: R$ UNIT | F91: R$ TOTAL
A92: 01 | B92: Custo de pneu aro 16 | C92: UND | D92: 4 | E92: =COTAÇÕES!P161 -> 557.745 | F92: =D92*E92 -> 2230.98
A93: 02 | B93: Custo câmara de ar aro 16 | C93: UND | D93: 4 | E93: =COTAÇÕES!P166 -> 85.21 | F93: =D93*E93 -> 340.84
A94: 03 | B94: Custo de jogo completo de rodado | C94: KM/jogo | D94: 40000 | E94: =F92+F93 -> 2571.82 | F94: =E94/D94 -> 0.0642955
A95: 04 | B95: Custo mensal com rodado | C95: mês | D95: 1500 | E95: =F94 -> 0.0642955 | F95: =D95*E95 -> 96.44325
A98: A-MOTORISTA | F98: =SUM(F99:F105) -> 4484.0499 | G98: =SUM(G99:G105) -> 8968.0997
A99: DISCRIMINAÇÃO | C99: Quant/mês | E99: CUSTO UNIT | F99: CUSTO MENSAL | G99: TOTAL MENSAL
A100: Motorista (categoria categoria D)- Piso salarial- CCT MS000006/2023 | C100: 1 | E100: 1518 | F100: =C100*E100 -> 1518 | G100: =F100*2 -> 3036
A101: adicionald e função | C101: 1 | E101: 811.41 | F101: =C101*E101 -> 811.41 | G101: =F101*2 -> 1622.82
A102: Vale alimentação | C102: 1 | E102: 330 | F102: =C102*E102 -> 330 | G102: =F102*2 -> 660
A103: Benefício Social Familiar | C103: 1 | E103: 9.7 | F103: =C103*E103 -> 9.7 | G103: =F103*2 -> 19.4
A104: Prêmio Cesta básica | C104: 1 | E104: 97 | F104: =C104*E104 -> 97 | G104: =F104*2 -> 194
A105: Encargos Sociais | C105: 0.7375 | E105: =F100+F101 -> 2329.41 | F105: =C105*E105 -> 1717.9399 | G105: =F105*2 -> 3435.8798
A106: B-EPI'S PARA MOTORISTA | F106: =SUM(F108:F112) -> 101.28042 | G106: =SUM(G108:G112) -> 202.56083
A107: DISCRIMINAÇÃO | C107: QUANTIDADE | E107: CUSTO UNIT | F107: CUSTO MENSAL | G107: TOTAL MENSAL
A108: CAMISETA COM FAIXA REFLETIVA | C108: 0.5 | E108: =COTAÇÕES!P15 -> 64.79 | F108: =C108*E108 -> 32.395 | G108: =F108*2 -> 64.79
A109: CALÇA | C109: 0.5 | E109: =COTAÇÕES!P36 -> 57.015 | F109: =C109*E109 -> 28.5075 | G109: =F109*2 -> 57.015
A110: BONÉ | C110: 0.16666667 | E110: =COTAÇÕES!P46 -> 15.055 | F110: =C110*E110 -> 2.5091667 | G110: =F110*2 -> 5.0183333
A111: BOTINAS | C111: 0.5 | E111: =COTAÇÕES!P51 -> 48.3025 | F111: =C111*E111 -> 24.15125 | G111: =F111*2 -> 48.3025
A112: PROTETOR SOLAR FATOR 30 | C112: 1 | E112: =COTAÇÕES!P121 -> 13.7175 | F112: =C112*E112 -> 13.7175 | G112: =F112*2 -> 27.435
A113: CUSTO DIRETO TOTAL A+B | E113: MENSAL | F113: =SUM(F115:F116) -> 4585.3303 | G113: =SUM(G115:G116) -> 9170.6606
A114: DISCRIMINAÇÃO | D114: QUANT | E114: R$ UNIT | F114: R$ TOTAL | G114: R$ TOTAL
A115: A-MÃO DE OBRA | D115: 1 | E115: =F98 -> 4484.0499 | F115: =D115*E115 -> 4484.0499 | G115: =F115*2 -> 8968.0997
A116: B-EPI'S PARA EQUIPE DE MOTORISTAS | D116: 1 | E116: =F106 -> 101.28042 | F116: =D116*E116 -> 101.28042 | G116: =F116*2 -> 202.56083
...

Sheet Crono FF
C3: PREFEITURA MUNICIPAL DE COXIM - MS | O3: PREFEITURA MUNICIPAL DE COXIM | AA3: PREFEITURA MUNICIPAL DE COXIM
C4: ESTADO DO MATO GROSSO DO SUL | O4: ESTADO DO MATO GROSSO DO SUL | AA4: ESTADO DO MATO GROSSO DO SUL
C9: CRONOGRAMA FÍSICO FINANCEIRO | O9: CRONOGRAMA FÍSICO FINANCEIRO | AA9: CRONOGRAMA FÍSICO FINANCEIRO
A10: Objeto: Limpeza Pública Municipal | M10: Objeto: Limpeza Pública Municipal | Y10: Objeto: Limpeza Pública Municipal
A11: Município de Coxim - MS | M11: Município de Coxim - MS | Y11: Município de Coxim - MS
A12: ITEM | B12: SERVIÇOS DISCRIMINADOS | C12: VALOR (R$) | D12: PESO (%) | E12: 1° MÊS | G12: 2° MÊS | I12: 3° MÊS | K12: 4° MÊS | M12: 5° MÊS | O12: 6° MÊS | Q12: 7° MÊS | S12: 8° MÊS | U12: 9° MÊS | W12: 10° MÊS | Y12: 11° MÊS | AA12: 12° MÊS | AC12: TOTAL
E13: (%) | F13: (R$) | G13: (%) | H13: (R$) | I13: (%) | J13: (R$) | K13: (%) | L13: (R$) | M13: (%) | N13: (R$) | O13: (%) | P13: (R$) | Q13: (%) | R13: (R$) | S13: (%) | T13: (R$) | U13: (%) | V13: (R$) | W13: (%) | X13: (R$) | Y13: (%) | Z13: (R$) | AA13: (%) | AB13: (R$)
A14: 1 | B14: =VLOOKUP(A14,'PLANILHA COM VALORES'!L14:W28,4,TRUE) -> ADMINISTRAÇÃO LOCAL | C14: =VLOOKUP(A14,'PLANILHA COM VALORES'!L14:W28,12,TRUE) -> 236251.8 | D14: =C14/$C$17 -> 0.067616414 | E14: 0.0833 | F14: =ROUND(E14*C14,2) -> 19679.77 | G14: 0.0833 | H14: =ROUND(G14*C14,2) -> 19679.77 | I14: 0.0833 | J14: =ROUND(I14*C14,2) -> 19679.77 | K14: 0.0833 | L14: =ROUND(K14*C14,2) -> 19679.77 | M14: 0.0833 | N14: =ROUND(M14*C14,2) -> 19679.77 | O14: 0.0833 | P14: =ROUND(O14*C14,2) -> 19679.77 | Q14: 0.0833 | R14: =ROUND(Q14*C14,2) -> 19679.77 | S14: 0.0833 | T14: =ROUND(S14*C14,2) -> 19679.77 | U14: 0.0834 | V14: =ROUND(U14*C14,2) -> 19703.4 | W14: 0.0834 | X14: =ROUND(W14*C14,2) -> 19703.4 | Y14: 0.0834 | Z14: =Y14*C14 -> 19703.4 | AA14: 0.0834 | AB14: =AA14*C14 -> 19703.4 | AC14: =F14+H14+J14+L14+N14+P14+R14+T14+V14+X14+Z14+AB14 -> 236251.76
A15: 2 | B15: =VLOOKUP(A15,'PLANILHA COM VALORES'!L15:W28,4,TRUE) -> TRANSPORTE | C15: =VLOOKUP(A15,'PLANILHA COM VALORES'!L14:W28,12,TRUE) -> 660207.48 | D15: =C15/$C$17 -> 0.18895459 | E15: 0.0833 | F15: =ROUND(E15*C15,2) -> 54995.28 | G15: 0.0833 | H15: =ROUND(G15*C15,2) -> 54995.28 | I15: 0.0833 | J15: =ROUND(I15*C15,2) -> 54995.28 | K15: 0.0833 | L15: =ROUND(K15*C15,2) -> 54995.28 | M15: 0.0833 | N15: =ROUND(M15*C15,2) -> 54995.28 | O15: 0.0833 | P15: =ROUND(O15*C15,2) -> 54995.28 | Q15: 0.0833 | R15: =ROUND(Q15*C15,2) -> 54995.28 | S15: 0.0833 | T15: =ROUND(S15*C15,2) -> 54995.28 | U15: 0.0834 | V15: =ROUND(U15*C15,2) -> 55061.3 | W15: 0.0834 | X15: =ROUND(W15*C15,2) -> 55061.3 | Y15: 0.0834 | Z15: =Y15*C15 -> 55061.304 | AA15: 0.0834 | AB15: =AA15*C15 -> 55061.304 | AC15: =F15+H15+J15+L15+N15+P15+R15+T15+V15+X15+Z15+AB15 -> 660207.45
A16: 3 | B16: =VLOOKUP(A16,'PLANILHA COM VALORES'!L16:W29,4,TRUE) -> LIMPEZA URBANA | C16: =VLOOKUP(A16,'PLANILHA COM VALORES'!L14:W29,12,TRUE) -> 2597541.5 | D16: =C16/$C$17 -> 0.743429 | E16: 0.0833 | F16: =ROUND(E16*C16,2) -> 216375.2 | G16: 0.0833 | H16: =ROUND(G16*C16,2) -> 216375.2 | I16: 0.0833 | J16: =ROUND(I16*C16,2) -> 216375.2 | K16: 0.0833 | L16: =ROUND(K16*C16,2) -> 216375.2 | M16: 0.0833 | N16: =ROUND(M16*C16,2) -> 216375.2 | O16: 0.0833 | P16: =ROUND(O16*C16,2) -> 216375.2 | Q16: 0.0833 | R16: =ROUND(Q16*C16,2) -> 216375.2 | S16: 0.0833 | T16: =ROUND(S16*C16,2) -> 216375.2 | U16: 0.0834 | V16: =ROUND(U16*C16,2) -> 216634.96 | W16: 0.0834 | X16: =ROUND(W16*C16,2) -> 216634.96 | Y16: 0.0834 | Z16: =Y16*C16 -> 216634.96 | AA16: 0.0834 | AB16: =AA16*C16 -> 216634.96 | AC16: =F16+H16+J16+L16+N16+P16+R16+T16+V16+X16+Z16+AB16 -> 2597541.4
A17: TOTAL | C17: =SUM(C14:C16) -> 3494000.7 | D17: 1 | E17: =F17/$C$17 -> 0.083299997 | F17: =SUM(F14:F16) -> 291050.25 | G17: =H17/$C$17 -> 0.083299997 | H17: =SUM(H14:H16) -> 291050.25 | I17: =J17/$C$17 -> 0.083299997 | J17: =SUM(J14:J16) -> 291050.25 | K17: =L17/$C$17 -> 0.083299997 | L17: =SUM(L14:L16) -> 291050.25 | M17: =N17/$C$17 -> 0.083299997 | N17: =SUM(N14:N16) -> 291050.25 | O17: =P17/$C$17 -> 0.083299997 | P17: =SUM(P14:P16) -> 291050.25 | Q17: =R17/$C$17 -> 0.083299997 | R17: =SUM(R14:R16) -> 291050.25 | S17: =T17/$C$17 -> 0.083299997 | T17: =SUM(T14:T16) -> 291050.25 | U17: =V17/$C$17 -> 0.0834 | V17: =SUM(V14:V16) -> 291399.66 | W17: =X17/$C$17 -> 0.0834 | X17: =SUM(X14:X16) -> 291399.66 | Y17: =Z17/$C$17 -> 0.0834 | Z17: =SUM(Z14:Z16) -> 291399.66 | AA17: =AB17/$C$17 -> 0.083400003 | AB17: =SUM(AB14:AB16)+0.01 -> 291399.67 | AC17: =F17+H17+J17+L17+N17+P17+R17+T17+V17+X17+Z17+AB17-0.05 -> 3494000.6
A18: ACUMULADO | E18: =E17 -> 0.083299997 | F18: =+F17 -> 291050.25 | G18: =G17+E18 -> 0.16659999 | H18: =+H17+F18 -> 582100.5 | I18: =I17+G18 -> 0.24989999 | J18: =+J17+H18 -> 873150.75 | K18: =K17+I18 -> 0.33319999 | L18: =+L17+J18 -> 1164201 | M18: =M17+K18 -> 0.41649998 | N18: =+N17+L18 -> 1455251.2 | O18: =O17+M18 -> 0.49979998 | P18: =+P17+N18 -> 1746301.5 | Q18: =Q17+O18 -> 0.58309998 | R18: =+R17+P18 -> 2037351.8 | S18: =S17+Q18 -> 0.66639997 | T18: =+T17+R18 -> 2328402 | U18: =U17+S18 -> 0.74979997 | V18: =+V17+T18 -> 2619801.7 | W18: =W17+U18 -> 0.83319997 | X18: =+X17+V18 -> 2911201.3 | Y18: =Y17+W18 -> 0.91659997 | Z18: =Z17+X18 -> 3202601 | AA18: =AA17+Y18 -> 0.99999998 | AB18: =Z18+AB17-0.05 -> 3494000.6
A20: =M20 -> #REF! | M20: =VEÍCULOS!B141 -> #REF! | Y20: =M20 -> #REF!

Sheet BDI
A1: PREFEITURA MUNICIPAL DE COXIM
A2: ESTADO DO MATO GROSSO DO SUL
A5: COMPOSIÇÃO ANALÍTICA DO BDI
A7: Objeto: Limpeza Pública Municipal
A9: VALORES DE BDI POR TIPO DE OBRA %
A10: TIPO DE OBRA | B10: 1 Quartil | C10: Médio | D10: 3 Quartil
A11: Construção de redes de abastecimento de água, coleta de esgoto e construções correlatas | B11: 20.76 | C11: 24.18 | D11: 26.44
A13: DESCRIÇÃO | B13: VALORES DE REFERÊNCIA - % | E13: BDI ADOTADO %
B14: 1º QUARTIL | C14: MÉDIO | D14: 3º QUARTIL
A15: Administração Central | B15: 3 | C15: 4 | D15: 5.5 | E15: 3
A16: Seguro e Garantia (*) | B16: 0.8 | C16: 0.8 | D16: 1 | E16: 0.8
A17: Risco | B17: 0.97 | C17: 1.27 | D17: 1.27 | E17: 1.27
A18: Despesas Financeiras | B18: 0.59 | C18: 1.23 | D18: 1.39 | E18: 0.59
A19: Lucro | B19: 6.16 | C19: 7.4 | D19: 8.96 | E19: 7.4
A20: Tributos (Confins, PIS e ISSQN) | B20: =SUM(B21:B23) -> 5.65 | C20: =SUM(C21:C23) -> 6.65 | D20: =SUM(D21:D23) -> 8.65 | E20: =SUM(E21:E23) -> 8.65
A21: COFINS | B21: 3 | C21: 3 | D21: 3 | E21: 3
A22: PIS | B22: 0.65 | C22: 0.65 | D22: 0.65 | E22: 0.65
A23: ISSQN (**) | B23: 2 | C23: 3 | D23: 5 | E23: 5
A24: TOTAL | E24: =ROUND((((((1+E15/100+E16/100+E17/100)*(1+E18/100)*(1+E19/100))/(1-E20/100))-1)*100),2) -> 24.26 | F24: =E24/100 -> 0.2426 | G24: =E24/100 -> 0.2426 | H24: =G24+1 -> 1.2426
A26: Fonte da composição, valores de referência e fórmula do BDI: Acórdão 2622/2013 - TCU - Plenário
G27: =E15+E16+E17+E18+E19+E20 -> 21.71
A28: Os valores de BDI acima foram calculados com emprego da fórmula abaixo:
A33: Onde:
A34: AC = taxa de rateio da Administração Central;
A35: DF = taxa das despesas financeiras;
A36: S = taxa de seguro; R = taxa de risco e G = garantia do empreendimento;
A37: I = taxa de tributos;
A38: L = taxa de lucro.
A40: OBS:
A41: (*) - PODE HAVER GARANTIA DESDE QUE PREVISTO NO EDITAL DA LICITAÇÃO E NO CONTRATO DE EXECUÇÃO.
A42: (**) - PODEM SER ACEITOS OUTROS PERCENTUAIS DE ISS DESDE QUE DEVIDAMENTE EMBASADOS NA LEGISLAÇÃO MUNICIPAL.
A43: (***) - CONTRIBUIÇÃO PREVIDENCIÁRIA INSTITUÍDA PARA DESONERAR A FOLHA DE SALÁRIOS DE DIVERSAS ATIVIDADES ECONÔMICAS DA CONSTRUÇÃO CIVIL PODERÁ IMPACTAR AS TAXAS DE BDI MEDIANTE A MAJORAÇÃO DO PERCENTUAL CORRESPONDENTE A 4,5%
A44: =VEÍCULOS!B141 -> #REF!

Sheet Administração
A3: ADM | B3: ADMINISTRAÇÃO LOCAL
A5: CUSTO COM FUNCIONÁRIOS
A6: 93566 | B6: ='BANCO DE DADOS'!C7208 -> AUXILIAR DE ESCRITORIO COM ENCARGOS COMPLEMENTARES | C6: ='BANCO DE DADOS'!D7208 -> MES | D6: 1 | E6: 3747.76 | F6: =D6*E6 -> 3747.76
A7: 93564 | B7: ='BANCO DE DADOS'!C7184 -> APONTADOR OU APROPRIADOR COM ENCARGOS COMPLEMENTARES | C7: ='BANCO DE DADOS'!D7206 -> MES | D7: 1 | E7: 4212.16 | F7: =D7*E7 -> 4212.16
A8: LEI 4950-A | B8: ENGENHEIRO AGRÔNOMO OU FLORESTAL 20 HORAS SEMANAIS | C8: ='BANCO DE DADOS'!D7188 -> H | D8: 20 | E8: 242.4 | F8: =E8*D8 -> 4848
A9: CUSTO TOTAL COM FUNCIONÁRIOS | F9: =SUM(F6:F8) -> 12807.92
A11: CUSTO COM ESCRITORIO
A12: DESCRIÇÃO | C12: UND | D12: QUANT/MÊS | E12: PREÇO UNITÁRIO | F12: PREÇO TOTAL
A13: ALUGUEL | C13: UND | D13: 1 | E13: 1980 | F13: =ROUND(D13*E13,2) -> 1980
A14: ENERGIA | C14: UND | D14: 1 | E14: 198 | F14: =ROUND(D14*E14,2) -> 198
A15: ÁGUA | C15: UND | D15: 1 | E15: 198 | F15: =ROUND(D15*E15,2) -> 198
A16: MAT.LIMPEZA E ESCRITÓRIO, INTERNET | C16: UND | D16: 1 | E16: 660 | F16: =ROUND(D16*E16,2) -> 660
A17: CUSTO TOTAL COM ESCRITORIO | F17: =SUM(F13:F16) -> 3036
A19: CUSTO TOTAL COM MÃO DE OBRA | F19: =F9 -> 12807.92
A20: CUSTO TOTAL MANUTENÇÃO DO ESCRITÓRIO | F20: =F17 -> 3036
A21: VALOR TOTAL DA ADMINISTRAÇÃO LOCAL | F21: =SUM(F19:F20) -> 15843.92
B23: obs1: na administração local foi inserido o cargo engenheiro agrônomo ou engenheiro florestal exigidos para para ser responsável técnico pelos serviços de podas em geral.
B25: obs2: A depesa de aluguel foi baseada em cotação no setor imobiliario local, o qual demonstrou uma média de um salário e meio mensal para um salão comercial.
A28: =BDI!A44 -> #REF!

Sheet Plan1
